Cogmind - Beta 17 @@@ ROGUE MODE // 2026.07.12 @ 23:47:28 Player: H3-MLN Result: Establishing 0b11! Performance ------------- Evolutions (9) 4500 Regions Visited (35) 7000 Robots Destroyed (687) 3435 Value Destroyed (39341) 39341 Prototype IDs (395) 7900 Alien Tech Used (11) 2200 Bonus (77841) 77841 TOTAL SCORE: 142217 Bonus ------- Triggered High Security 500 High Alert Combat Kills 12733 Follower Combat Kills 11653 Hunted by Unchained 1000 Entered Garrisons 1400 Used RIF Installer 4500 Entered DSFs 500 Aligned with FarCom 300 Met Zhirov 300 Scanned by Researcher 500 Met Sigix 2000 Met MAIN.C 5000 Destroyed MAIN.C Shell 5000 Destroyed MAIN.C 10000 Met Architect 300 Started Test 138-B 500 Destroyed A8 300 Destroyed A6 400 Destroyed A5 500 Destroyed A4 700 Destroyed A3 800 Destroyed A2 1000 Destroyed Architect 15000 Win 3000 Friendly Fire -45 Cogmind --------- Core Integrity 1061/1600 Matter 250/300 Energy 492/700 System Corruption 5% Temperature Cool (10) Movement Hovering (34) Location 0b11 Command Parts ------- > --- POWER (2) -------- Vortex Chain Reactor > --- PROPULSION (8) --- Cooled Antigrav System Combat Antigrav System Experimental Gyrokinetic Inverter Experimental Antigrav System Gravjet Array Concept Combat Aerolev Unit Concept Combat Aerolev Unit > --- UTILITY (12) ----- Concept Antigrav Storage Unit Spectral Analyzer Concept Melee Reflex Suite Concept Weapon Articulator Experimental Core Analyzer Experimental Armor Integrity Analyzer Femtoactuators Experimental Reaction Control System Experimental Phase Shifter Experimental Shield Generator Deep Network Scanner Concept Impact Drone Bay (0/6) > --- WEAPON (3) ------- Concept Plasma Driver Concept Blasthammer Experimental Jetlance > --- INVENTORY (25) --- Zero-point Reactor Concept Zero-point Core Cooled Antigrav System Experimental Gyrokinetic Inverter Experimental Energy Well (600) Concept Chromion Battery (800) Concept NT7 Matterbank (750) Experimental Core Analyzer Experimental Weapon Cycler Advanced Reaction Control System Heavy Regenerative Plating AEGIS Remote Shield Concept Plasma Driver Concept Plasma Driver Concept Smart ZDS Sigix Broadsword Peak State ------------ > --- POWER ------------ Experimental Antimatter Reactor Concept Zero-point Core > --- PROPULSION ------- Experimental Antigrav System Experimental Antigrav System Gravjet Array Gravjet Array Concept Combat Aerolev Unit Concept Combat Aerolev Unit > --- UTILITY ---------- Concept Phasing Heat Sink Concept Antigrav Storage Unit Spectral Analyzer Experimental Signal Interpreter Concept Melee Reflex Suite Concept Weapon Articulator Femtoactuators Concept Cloak Mesh Centrium Heavy Armor Plating Graphene Brace AEGIS Remote Shield > --- WEAPON ----------- Concept Blasthammer Sigix Broadsword > --- INVENTORY -------- Concept Chromion Battery Concept Chromion Battery Concept NT7 Matterbank Concept NT7 Matterbank Long-range Sensor Array Experimental Armor Integrity Analyzer Experimental Weapon Cycler Femtoactuators Experimental Phase Shifter Experimental Utility Shielding Experimental EM Shield Advanced Point Defense System Relay Coupler [NC] Relay Coupler [Proto] Concept Matter Streamer Concept Impact Drone Bay Concept Impact Drone Bay High-powered Transdimensional Reconstructor Subatomic Replicator Concept Plasma Driver Concept Plasma Driver Concept Plasma Driver Concept Rapid Grenade Launcher Concept Smart ZDS Experimental Jetlance [Rating: 286] Favorites ----------- Power Vortex Chain Reactor Engine Reinforced Deuterium Engine Power Core Concept Zero-point Core Reactor Vortex Chain Reactor Propulsion Armored Treads Treads Armored Treads Leg Centrium Leg Wheel High-density Centrium Wheel Hover Unit Combat Antigrav System Flight Unit Experimental Surge Thruster Utility Huge Storage Unit Device Graphene Brace Storage Huge Storage Unit Processor Spectral Analyzer Hackware Relay Coupler [NC] Protection Improved Medium Armor Plating Artifact Phase Armor Weapon Sigix Broadsword Energy Gun Gatling Laser Energy Cannon Enhanced Nova Cannon Ballistic Gun Improved Assault Rifle Ballistic Cannon Assault Cannon Launcher Tesla Bomb Launcher Special Weapon Advanced Remote Datajack Impact Weapon Heavy Mace Slashing Weapon Sigix Broadsword Piercing Weapon Experimental Jetlance Special Melee Weapon Datajack Build | -11 -10 -10 -9 -9 -9 -8 -8 -8 -8 -8 -7 -7 -7 -7 -6 -6 -6 -6 -5 -5 -4 -4 -4 -4 -4 -4 -3 -3 -3 -2 -2 -2 -1 -1 -1 ------- Run | Yrd Mat Min Mat Min Exi Min Mat Gar Mat Gar Fac Gar Fac Gar Fac Gar Fac DSF Fac Gar Fac Gar Fac Upp Upp Zhi Pro Res Tes Res Qua Frg Acc Com Ac0 Slots Evolved 18 | . . . 2 . . . 2 . . . 2 . . . 2 . . . 2 . 2 . . . . . . 2 . 2 . . 2 . . Power 1 | . . . . . . . . . . . . . . . . . . . 1 . . . . . . . . . . . . . . . . Propulsion 6 | . . . 1 . . . . . . . 1 . . . . . . . 1 . 1 . . . . . . . . 2 . . . . . Utility 10 | . . . 1 . . . 1 . . . 1 . . . 2 . . . . . 1 . . . . . . 2 . . . . 2 . . Weapon 1 | . . . . . . . 1 . . . . . . . . . . . . . . . . . . . . . . . . . . . . Parts Attached 432 | 6 4 2 22 . 18 9 23 15 7 8 3 14 2 8 1 18 . 4 18 22 1 14 12 . 1 4 3 33 37 2 32 39 23 11 16 Power 47 | 1 1 . 2 . 2 . 1 1 . 1 . 1 . . . 1 . . . 7 . 3 2 . . 1 . 8 4 . 5 4 1 1 . Engine 11 | 1 1 . 2 . 2 . . . . . . 1 . . . . . . . 3 . 1 . . . . . . . . . . . . . Core 11 | . . . . . . . 1 1 . 1 . . . . . . . . . 4 . 1 2 . . . . . . . . 1 . . . Reactor 25 | . . . . . . . . . . . . . . . . 1 . . . . . 1 . . . 1 . 8 4 . 5 3 1 1 . Propulsion 88 | 2 . . 5 . 1 4 5 3 1 2 1 1 . 2 . 5 . . 6 . 1 1 3 . . . . 4 9 1 13 12 2 . 4 Treads 28 | 2 . . 3 . 1 . 3 2 1 . 1 1 . 2 . 5 . . . . . . . . . . . . 1 . 6 . . . . Leg 13 | . . . . . . 3 . . . . . . . . . . . . . . . . . . . . . . . 1 7 2 . . . Wheel 14 | . . . 2 . . 1 2 1 . 2 . . . . . . . . . . . . . . . . . . 6 . . . . . . Hover 32 | . . . . . . . . . . . . . . . . . . . 6 . 1 1 3 . . . . 4 2 . . 9 2 . 4 Flight 1 | . . . . . . . . . . . . . . . . . . . . . . . . . . . . . . . . 1 . . . Utility 203 | 1 1 1 6 . 6 4 13 6 3 4 2 7 2 5 1 8 . 1 12 13 . 7 6 . 1 3 2 13 11 1 9 16 17 10 11 Device 64 | . . . 1 . . 2 2 2 . . . 1 1 . . 1 . . 2 1 . 1 2 . 1 2 1 6 5 1 2 8 10 5 7 Storage 14 | 1 . . 2 . 2 1 . . . . . . . 1 . . . . 2 . . . . . . . . 1 . . 2 2 . . . Processor 22 | . 1 1 . . . . 1 . . . . . . . . . . . 1 . . . 2 . . . . 2 4 . . 3 4 1 2 Hackware 57 | . . . 1 . . . 3 1 2 2 2 3 1 3 1 6 . 1 6 8 . 5 1 . . . 1 2 . . 2 2 1 1 2 Protection 45 | . . . 2 . 4 1 7 3 1 2 . 3 . 1 . 1 . . 1 4 . 1 1 . . 1 . 2 2 . 2 1 2 3 . Artifact 1 | . . . . . . . . . . . . . . . . . . . . . . . . . . . . . . . 1 . . . . Weapon 94 | 2 2 1 9 . 9 1 4 5 3 1 . 5 . 1 . 4 . 3 . 2 . 3 1 . . . 1 8 13 . 5 7 3 . 1 Energy Gun 17 | . . . 2 . . . 1 2 . . . 3 . . . . . . . . . . . . . . . 2 6 . . 1 . . . Energy Cannon 20 | . 2 1 1 . . . . . . . . 1 . . . 1 . . . 1 . 1 . . . . 1 3 1 . 3 3 1 . . Ballistic Gun 21 | 2 . . 2 . 6 1 1 . . . . 1 . 1 . 2 . 1 . . . . . . . . . 2 2 . . . . . . Ballistic Cannon 8 | . . . 3 . . . . 2 . . . . . . . 1 . . . . . . . . . . . . 1 . 1 . . . . Launcher 10 | . . . 1 . 1 . 2 1 1 . . . . . . . . 1 . . . . . . . . . . 1 . . 2 . . . Special Weapon 8 | . . . . . . . . . . 1 . . . . . . . 1 . . . 2 1 . . . . 1 1 . . . 1 . . Impact Weapon 2 | . . . . . . . . . . . . . . . . . . . . 1 . . . . . . . . . . . . 1 . . Slashing Weapon 5 | . . . . . 1 . . . 1 . . . . . . . . . . . . . . . . . . . 1 . 1 . . . 1 Piercing Weapon 1 | . . . . . . . . . . . . . . . . . . . . . . . . . . . . . . . . 1 . . . Special Melee Weapon 2 | . . . . . 1 . . . 1 . . . . . . . . . . . . . . . . . . . . . . . . . . Unidentified Prototypes 42 | . . . 5 . . . . . . . . . . . . . . . 2 . . . 1 . . 4 . 4 9 . 10 6 . . 1 Corrupted Parts 2 | . . . . . . . . . . . . . . 1 . . . . . . . . . . . . . . . . . . . . 1 System Corruption 10 | . . . . . . . . . . . . . . 5 . . . . . . . . . . . . . . . . . . . . 5 Parts Lost 62 | . . . . . 4 4 5 4 . 1 . 2 . . . 2 . . 2 4 . 3 1 . . . 2 11 6 . . 3 2 . 6 Power 12 | . . . . . 1 . . . . . . . . . . . . . 1 4 . 1 1 . . . . 1 2 . . . 1 . . Propulsion 14 | . . . . . . 1 1 1 . 1 . 1 . . . . . . . . . 1 . . . . 1 4 . . . . 1 . 2 Utility 26 | . . . . . 3 2 3 1 . . . . . . . 2 . . 1 . . . . . . . 1 4 3 . . 3 . . 3 Weapon 10 | . . . . . . 1 1 2 . . . 1 . . . . . . . . . 1 . . . . . 2 1 . . . . . 1 Highest Loss Streak 7 | . . . . . 2 2 4 1 . 1 . 1 . . . 1 . . 1 2 . 2 1 . . . 1 7 2 . . 2 2 . 2 To Critical Strikes 4 | . . . . . 1 . . 1 . . . . . . . . . . . . . . . . . . . . . . . . . . 2 Average Backups 20 | 4 7 7 18 23 19 21 21 20 21 21 20 21 22 21 20 22 24 23 22 19 18 19 19 19 18 19 18 18 18 18 21 24 24 23 20 Power . | . . . . 1 1 1 . . . . . . . . . . . . . . . . . . . . . . . . . . . 2 2 Propulsion 2 | 2 2 . 3 3 2 3 3 2 3 3 2 2 2 2 3 2 2 2 3 3 2 1 1 1 1 1 . 1 . . 1 1 . . 1 Utility 10 | . . 1 2 5 5 8 10 11 12 12 11 10 13 12 11 12 16 15 13 10 11 13 14 14 13 13 12 10 13 13 13 14 15 13 10 Weapon 5 | 1 4 4 11 13 9 6 6 5 4 4 5 6 5 4 5 6 4 4 4 3 4 3 3 3 3 3 3 3 3 3 3 4 6 6 5 Tool/Special . | . . . . . . . . . . . . . . . . . . . . . . . . . . . . . . . . . . . . Unused Backups 95 | . 5 5 6 . 8 . 1 1 1 . . 1 . 5 . 3 . 2 3 1 . 3 1 . . 1 . 7 2 1 10 17 2 1 8 Power 11 | . 1 . 1 . 3 . . . . . . . . . . . . . . . . . . . . . . . . . 1 2 . 1 2 Propulsion 20 | . 3 2 3 . . . . . 1 . . 1 . . . . . . 1 . . . . . . . . 3 1 . . 3 . . 2 Utility 46 | . . . . . 1 . 1 1 . . . . . 5 . 3 . 2 2 1 . 3 . . . 1 . 2 1 1 7 9 2 . 4 Weapon 17 | . 1 3 2 . 4 . . . . . . . . . . . . . . . . . 1 . . . . 1 . . 2 3 . . . Tool/Special 1 | . . . . . . . . . . . . . . . . . . . . . . . . . . . . 1 . . . . . . . Average Slot Usage (%) 91 | . 98 100 99 100 99 97 98 92 85 87 88 91 89 88 85 84 93 92 93 96 97 99 99 100 99 97 100 93 91 88 84 81 83 78 88 Engine 3 | . 14 14 11 11 10 11 5 . . . . 4 7 7 6 5 . . 3 4 5 2 . . . . . . . . . . . . . Core 2 | . . . . . . . 3 9 9 9 7 2 . . . . . . . 2 5 5 6 10 10 8 5 1 . . . 1 4 1 . Reactor 2 | . . . . . . . . . . . . . . . . . 6 6 5 . . 2 3 . . 1 5 7 8 8 5 4 3 3 4 Treads 10 | . 28 28 25 22 29 18 17 15 9 9 15 14 15 12 6 6 20 20 11 . . . . . . . . . . . 7 . . . . Leg 3 | . . . . . . 5 1 . . . . . . . . . . . . . . . . . . . . . . 2 10 19 . . . Wheel 5 | . . . 7 11 3 9 8 7 9 8 7 7 5 7 6 5 . . . . . . . . . . . . 18 26 12 . . . . Hover 7 | . . . . . . . . . . . . . . . . . . . 12 29 31 30 31 31 31 31 31 24 5 . . 8 23 24 27 Device 7 | . . . . . . 3 5 . . 6 7 5 4 6 13 10 6 . 1 1 . . 1 8 9 8 10 20 18 17 8 12 19 16 23 Storage 6 | . 14 14 11 11 11 11 9 9 9 9 7 7 7 7 6 6 6 6 5 5 5 5 5 5 5 5 5 4 4 4 4 4 4 4 4 Processor 6 | . 12 14 1 . . . . . . . . . . . . . . . 3 5 5 5 5 5 5 5 5 6 16 17 15 10 14 13 17 Hackware 8 | . . . 9 11 2 . 7 6 17 9 11 7 9 7 12 19 26 32 24 22 26 29 28 21 21 21 15 11 1 . 4 5 . . 2 Protection 7 | . . . 9 11 19 16 13 17 9 10 7 15 15 15 13 7 6 6 3 4 2 1 1 1 . 1 4 . 2 4 1 4 5 7 . Energy Gun 2 | . . . 1 . . . . 5 6 8 7 10 15 13 13 10 6 1 . . . . . . . . . 2 1 . . . . . . Energy Cannon 2 | . 24 28 8 11 . . . . . . . 1 . . . . . . . . 5 4 4 5 2 2 2 3 3 . . 1 2 3 2 Ballistic Gun 4 | . 3 . 4 . 11 21 22 8 . . . 3 . . . . 6 10 8 4 . . . . . . . . 4 . . 1 . . . Ballistic Cannon 1 | . . . 7 11 . . . 3 9 1 . 2 . . . 3 6 5 2 . . . . . . . . . . 4 . . . . . Special Weapon 1 | . . . . . . . . . . 6 7 1 3 1 5 . . . 4 4 5 4 5 5 5 5 5 1 1 . 2 . . . . Slashing Weapon 2 | . . . . . 6 . 3 7 6 8 7 2 3 5 . 1 . . . . . . . . . . . . . . 3 4 3 4 2 Peak Build Rating 286 | 6 11 13 27 27 39 53 58 66 69 71 59 78 60 84 74 98 93 100 117 116 120 132 137 134 134 139 139 158 185 190 241 268 286 282 284 Average Rating 121 | 5 9 12 24 27 31 40 46 52 57 54 55 60 55 61 73 76 93 96 110 103 119 124 130 133 133 130 135 146 168 183 226 236 274 266 276 On Entrance 102 | . 6 11 13 27 27 38 53 47 55 69 51 55 59 57 67 74 93 93 96 107 110 120 130 133 133 134 139 131 144 185 184 225 265 269 282 Avg Prop Armor Cover (%) 9 | . . . 17 17 19 14 15 10 8 9 17 12 11 10 10 11 . . 1 . . . . . . . . . 3 2 4 6 . . . Naked Turns . | . . . . . . . . . . . . . . . . . . . . . . . . . . . . . . . . . . . . Heaviest Build 201 | 11 18 20 104 104 111 111 115 156 152 160 103 166 125 174 126 168 112 113 118 79 81 88 87 82 76 86 93 101 135 140 201 192 148 144 144 Greatest Support 240 | 40 40 40 60 16 60 75 75 60 28 28 28 28 28 28 28 150 145 145 145 80 86 91 91 84 84 96 105 105 116 116 240 210 128 152 135 Greatest Overweight (x) 11 | . . . 6 6 6 11 7 9 5 5 3 5 4 6 4 5 . . 1 3 . . 1 . . . . 1 4 1 4 3 1 1 1 Average Overweight (x) 1 | . . . 4 6 2 8 5 4 3 3 3 3 4 4 4 3 . . . . . . . . . . . . . 1 . . . . . Largest Inventory Capacity 25 | 8 8 8 25 25 25 25 25 25 25 25 25 25 25 25 25 25 25 25 25 20 20 20 20 20 20 20 20 20 20 20 25 25 25 25 25 Average Capacity 22 | 7 8 8 22 25 22 25 25 25 25 25 25 25 25 25 25 25 25 25 23 20 20 20 20 20 20 20 20 20 20 20 23 25 25 25 25 Most Carried 25 | 8 8 8 25 25 25 25 25 25 25 25 25 25 25 25 25 25 25 25 25 20 19 20 20 20 20 20 20 20 20 20 25 25 25 25 25 Average Carried 22 | 4 7 7 20 25 20 24 24 23 24 24 23 24 25 24 24 24 25 24 23 19 18 19 19 19 19 19 19 19 19 19 22 24 24 24 21 Final Capacity 25 | 8 8 8 25 25 25 25 25 25 25 25 25 25 25 25 25 25 25 25 20 20 20 20 20 20 20 20 20 20 20 20 25 25 25 25 25 Final Carried 25 | 8 8 8 25 25 25 24 25 25 25 25 22 25 25 25 25 25 25 25 20 20 18 20 19 20 20 20 20 20 20 20 25 25 25 25 18 Class Distribution -------------------- 22% | Mutant 19% | Botlord-Mutant 8% | Botlord-Tank 5% | Bothacker-Mutant 5% | Ninja 4% | Commander-Mutant 4% | Botlord-Skirmisher 4% | Bothacker-Tank 3% | Scavenger-Mutant 3% | Botlord-Assassin 3% | Gladiator 3% | Hacker-Mutant 3% | Scavenger-Tank Dominant Class ---------------- Mutant | -10/Materials Mutant | -10/Mines Mutant | -9/Materials Mutant | -9/Mines Mutant | -9/Exiles Mutant | -8/Mines Scavenger-Tank | -8/Materials Scavenger-Mutant | -8/Garrison Bothacker-Mutant | -8/Materials Bothacker-Mutant | -8/Garrison Commander-Mutant | -7/Factory Bothacker-Tank | -7/Garrison Bothacker-Mutant | -7/Factory Botlord-Mutant | -7/Garrison Botlord-Tank | -6/Factory Botlord-Tank | -6/Garrison Botlord-Tank | -6/Factory Botlord-Tank | -6/DSF Botlord-Tank | -5/Factory Botlord-Mutant | -5/Garrison Botlord-Mutant | -4/Factory Botlord-Mutant | -4/Garrison Botlord-Mutant | -4/Factory Botlord-Mutant | -4/Upper Caves Botlord-Mutant | -4/Upper Caves Botlord-Mutant | -4/Zhirov Botlord-Mutant | -3/Proximity Caves Botlord-Mutant | -3/Research Botlord-Skirmisher | -3/Testing Botlord-Skirmisher | -2/Research Botlord-Mutant | -2/Quarantine Ninja | -2/Protoforge Ninja | -1/Access Gladiator | -1/Command Hacker-Sprinter | -1/Access_0 Resources | -11 -10 -10 -9 -9 -9 -8 -8 -8 -8 -8 -7 -7 -7 -7 -6 -6 -6 -6 -5 -5 -4 -4 -4 -4 -4 -4 -3 -3 -3 -2 -2 -2 -1 -1 -1 ----------- Run | Yrd Mat Min Mat Min Exi Min Mat Gar Mat Gar Fac Gar Fac Gar Fac Gar Fac DSF Fac Gar Fac Gar Fac Upp Upp Zhi Pro Res Tes Res Qua Frg Acc Com Ac0 Matter Collected 31503 | 296 40 20 945 25 868 429 909 637 229 363 170 746 . 981 . 923 . 279 1966 1648 . 931 1023 47 97 . 450 1261 2427 1163 1963 4569 4538 910 650 Remotely 92 | . . . 31 . . . . . . . . . . . . . . . . . . . . . . . . . . . . . 61 . . Salvage Created 34351 | 148 133 338 1644 64 547 777 1508 1135 650 374 . 959 . 1132 . 940 . 29 797 1870 . 683 279 . 60 . 291 2121 2046 2345 479 4618 4901 2129 1354 Parts 1542 | 10 11 22 99 7 66 45 94 40 30 14 . 50 . 46 . 50 . 1 24 57 . 16 12 . 3 . 21 93 104 97 35 228 162 54 51 Haulers Intercepted 21 | . . . 6 . . . 6 . 2 . . . . . . . . . . . . . . . . . . . . . . . 7 . . Recyclers Shooed 12 | . . . 1 . . . 2 . 1 . . . . . . . . . 3 . . . . . . . . 3 . 2 . . . . . Parts Field Recycled . | . . . . . . . . . . . . . . . . . . . . . . . . . . . . . . . . . . . . Retrieved Matter . | . . . . . . . . . . . . . . . . . . . . . . . . . . . . . . . . . . . . Parts Self-Destructed 18 | . . . . . . . . . . . . . . . . . . . . . . . . . 2 . 16 . . . . . . . . Prevented . | . . . . . . . . . . . . . . . . . . . . . . . . . . . . . . . . . . . . Parts Restored 9 | . . . . . . . . . . . . . . . . . . . . . . . . . . . . . . . . 9 . . . Faulty 9 | . . . . . . . . . . . . . . . . . . . . . . . . . . . . . . . . 9 . . . Kills | -11 -10 -10 -9 -9 -9 -8 -8 -8 -8 -8 -7 -7 -7 -7 -6 -6 -6 -6 -5 -5 -4 -4 -4 -4 -4 -4 -3 -3 -3 -2 -2 -2 -1 -1 -1 ------- Run | Yrd Mat Min Mat Min Exi Min Mat Gar Mat Gar Fac Gar Fac Gar Fac Gar Fac DSF Fac Gar Fac Gar Fac Upp Upp Zhi Pro Res Tes Res Qua Frg Acc Com Ac0 Combat Hostiles Destroyed 519 | . 2 6 29 1 4 17 24 26 16 5 . 25 . 23 . 27 . 2 3 28 . 10 6 . 1 . 14 23 26 26 3 72 67 13 20 Melee 50 | . . . . . 1 2 3 5 1 . . 2 . . . . . . . . . . . . . . . . . . . 13 12 4 7 Guns 147 | . . . 9 . 2 10 16 9 1 2 . 14 . 5 . 13 . . 3 16 . . . . . . 1 5 20 . 3 18 . . . Cannons 123 | . 2 6 16 1 . . . 8 11 3 . 6 . 8 . 5 . . . 6 . 3 . . 1 . . 13 4 4 . 13 9 4 . AOE 142 | . . . 4 . 1 5 5 4 3 . . 3 . 10 . 8 . 2 . 1 . 5 4 . . . 13 4 . 8 . 18 36 5 3 Classes Destroyed 32 | 2 2 1 6 . 3 1 2 1 1 . . 1 . . . 2 . . . . . . . . . . . . . . . 10 . . . Worker 34 | . . 1 . 1 . 2 3 . . . . . . . . . . . . . . . 2 . . . . 2 3 1 . 5 14 . . Builder 19 | . . . 1 . . . 1 . . . . . . . . . . . . . . . . . . . . . . 4 . 6 7 . . Tunneler 14 | 4 1 2 . . . 1 . . . . . . . . . . . . 1 . . . . . . . . . . 1 . . 4 . . Hauler 21 | . . . 6 . . . 6 . 2 . . . . . . . . . . . . . . . . . . . . . . . 7 . . Recycler 28 | 1 . . 3 . . . 3 . 1 . . . . . . . . . 4 . . . . . . . . 4 . . . . 9 3 . Carrier 1 | . . . . . . . . . . . . . . . . . . . . . . . . . . . . . . . . 1 . . . Mechanic 3 | . . . . . . . . . 1 . . . . . . . . . . . . . . . . . . . . 1 . . 1 . . Operator 4 | . 1 . . . . . . . . . . . . . . . . . . . . . . . . . . . . . 1 . 1 1 . Drone 11 | . . . . . . . . . . . . . . . . . . . . . . . . . . . . . . . . 9 2 . . Turret 3 | . . . . . 1 . . . . . . . . . . . . . . . . . 2 . . . . . . . . . . . . Watcher 22 | . . . 2 . . . 1 . 1 . . . . . . . . . . . . . 1 . . . . 4 . 3 . . 10 . . Swarmer 124 | . . . 4 1 . 5 9 5 . 2 . 7 . 9 . 10 . 2 . 3 . 4 4 . . . 13 6 . 4 . . 31 5 . Cutter 2 | . . . . . . . . . . . . . . . . 2 . . . . . . . . . . . . . . . . . . . Saboteur 2 | . . . . . . . . . . . . . . . . . . . . . . . . . . . . . . . . 2 . . . Grunt 130 | . 2 6 17 1 . 11 5 12 13 1 . 2 . 2 . 6 . . 4 3 . 4 2 . . . . 1 6 12 . 7 11 2 . Brawler 20 | . . . . . . 1 1 . . . . 1 . 1 . 4 . . . 5 . . . . . . . . . 1 . 6 . . . Duelist 14 | . . . 1 . . . . . . . . 2 . 1 . . . . . 5 . . . . . . . . . 1 . 3 1 . . Protector 3 | . . . . . . . . . . . . . . . . . . . . . . . . . . . . . . . . 2 . 1 . Researcher 3 | . . . . . . . . . . . . . . . . . . . . . . . . . . . . . . . . 3 . . . Sentry 58 | . . . 7 . . . 7 4 3 . . 6 . 4 . 2 . . . 5 . 1 . . . . 1 5 3 . . 9 1 . . Demolisher 1 | . . . . . . . . . . . . . . . . . . . . . . . . . . . . . . . . 1 . . . Specialist 11 | . . . . . . . . . . . . 5 . . . . . . . 4 . . 1 . . . . . . . . 1 . . . Hunter 39 | . . . . . . . 1 1 . . . 3 . 1 . . . . . 4 . . . . . . . 2 4 6 . 7 8 2 . Programmer 57 | . . . . . . . . 4 . 3 . . . 6 . 1 . . . 1 . 2 . . 1 . . 9 13 2 . 9 6 . . Heavy 2 | . . . . . . . 1 . . . . . . . . . . . . . . . . . . . . . . . . . 1 . . Q-Series 5 | . . . . . . . . . . . . . . . . . . . . . . . . . . . . . . . . 1 4 . . Behemoth 5 | . . . . . . . . . . . . . . . . 2 . . . . . . . . . . . . . . . 1 2 . . Quarantine Guard 4 | . . . . . . . . . . . . . . . . . . . . . . . . . . . . . . . 3 1 . . . Enhanced Grunt 11 | . . . . . . . . . . . . . . . . . . . . . . . . . . . . . . . . . . . 11 Enhanced Sentry 1 | . . . . . . . . . . . . . . . . . . . . . . . . . . . . . . . . . . . 1 Enhanced Hunter 4 | . . . . . . . . . . . . . . . . . . . . . . . . . . . . . . . . . . . 4 Lightning 2 | . . . . . . . . . . . . . . . . . . . . . . . . . . . . . . . 2 . . . . Hotshot 4 | . . . . . . . . . . . . . . . . . . . . . . . . . . . . . . . . 4 . . . Decapitator 4 | . . . . . . . . . . . . . . . . . . . . . . . . . . . . . . . . 4 . . . Immortal 3 | . . . . . . . . . . . . . . . . . . . . . . . . . . . . . . . . 3 . . . Combat Programmer 2 | . . . . . . . . . . . . . . . . . . . . . . . . . . . . . . . . . . 2 . Alpha 7 2 | . . . . . . . . . . . . . . . . . . . . . . . . . . . . . . . . 2 . . . V-Series 1 | . . . . . . . . . . . . . . . . . . . . . . . . . . . . . . . . 1 . . . Zionite 7 | . . . . . 7 . . . . . . . . . . . . . . . . . . . . . . . . . . . . . . Tinkerer 1 | . . . . . . . . . . . . . . . . . . . . . . . . . . . . . . . . 1 . . . Assembled 3 | . . . . . 3 . . . . . . . . . . . . . . . . . . . . . . . . . . . . . . Best Kill Streak 21 | 2 2 2 7 1 3 5 4 4 6 3 . 5 . 6 . 5 . 2 3 11 . 5 7 . 1 . 6 5 5 13 1 21 20 6 5 Combat Bots Only 17 | . 2 2 5 1 2 3 3 4 6 3 . 5 . 6 . 5 . 2 3 11 . 5 4 . 1 . 6 4 4 9 1 17 13 5 5 Max Kills in Single Turn 5 | 1 1 1 2 1 1 3 3 3 2 1 . 4 . 3 . 4 . 2 1 2 . 4 5 . 1 . 3 3 1 3 1 5 5 4 2 Gunslinging 1 | . . . . . . . . . . . . . . . . 1 . . . . . . . . . . . . . . . . . . . Exploded 5 | . . . 2 . 1 3 2 3 2 . . 3 . 3 . 4 . 2 . 1 . 4 3 . . . 3 2 . 3 . 5 5 4 2 Melee 1 | . . . . . 1 1 1 1 1 . . 1 . . . . . . . . . . . . . . . . . . . 1 1 1 1 Uniques/NPCs Destroyed 13 | . . . . . 4 . . . . . . . . . . . . . . . . . . . . . . . . . . . . 2 7 8R-AWN (-9/Exiles) EX-HEX (-9/Exiles) EX-DEC (-9/Exiles) EX-BIN (-9/Exiles) MAIN.C Shell (-1/Command) MAIN.C (-1/Command) A8 (-1/Access_0) A6 (-1/Access_0) A5 (-1/Access_0) A4 (-1/Access_0) A2 (-1/Access_0) Architect (-1/Access_0) A3 (-1/Access_0) Combat | -11 -10 -10 -9 -9 -9 -8 -8 -8 -8 -8 -7 -7 -7 -7 -6 -6 -6 -6 -5 -5 -4 -4 -4 -4 -4 -4 -3 -3 -3 -2 -2 -2 -1 -1 -1 -------- Run | Yrd Mat Min Mat Min Exi Min Mat Gar Mat Gar Fac Gar Fac Gar Fac Gar Fac DSF Fac Gar Fac Gar Fac Upp Upp Zhi Pro Res Tes Res Qua Frg Acc Com Ac0 Hostile Shots Fired 2535 | . 7 15 86 10 60 65 128 132 45 28 8 245 . 83 . 79 . 1 20 126 . 28 44 . 2 . 36 201 266 84 19 293 189 59 176 Missed 809 | . 2 3 19 1 10 14 40 31 16 10 6 68 . 27 . 22 . . 5 42 . 13 14 . 1 . 16 83 63 38 3 87 51 20 104 Hits 1726 | . 5 12 67 9 50 51 88 101 29 18 2 177 . 56 . 57 . 1 15 84 . 15 30 . 1 . 20 118 203 46 16 206 138 39 72 Melee 53 | . . . 2 . 2 . 3 . . . . 2 . . . . . . . 6 . . 1 . 1 . . 2 . . . 29 5 . . Projectile 1673 | . 5 12 65 9 48 51 85 101 29 18 2 175 . 56 . 57 . 1 15 78 . 15 29 . . . 20 116 203 46 16 177 133 39 72 AOE 12 | . . . . . . . . 1 . . . . . 1 . 3 . . . . . . 5 . . . . . . . . 2 . . . Critical Strikes 119 | . . 1 . . 21 4 6 7 1 . . 3 . 5 . 1 . . 1 2 . . 1 . . . . 7 18 4 3 20 3 2 9 Actively Blocked 48 | . . . . . . . 1 . . . . 3 . . . 1 . . . 1 . . . . . . . 7 11 4 1 19 . . . Part Disruptions 4 | . . . . . . . . . . . . . . 1 . . . . . . . . . . . . . . . . . 2 . . 1 Damage Taken 30037 | . 75 180 903 74 1240 798 1462 1496 481 246 15 1773 . 603 . 926 . 17 306 1730 . 428 1090 . . . 537 2385 2906 1039 469 3804 2336 514 2204 Core 2628 | . . 37 72 25 84 56 129 117 65 30 5 232 . 23 . 81 . . 119 212 . 18 15 . . . 87 377 313 137 . 238 48 11 97 Absorbed by Shields 6452 | . . . . . . . . 35 . . . 120 . 184 . 267 . . . 59 . . . . . . . . 1509 122 151 2545 518 446 496 Reduced by Siege Mode 24 | . . . . . . . . . . . . . . . . 24 . . . . . . . . . . . . . . . . . . . Redirected to Shielding 48 | . . . . . . . . . . . . . . . . . . . . . . . . . . . . . . . . . 28 6 14 Ignored by Resistances 1754 | . . . . . . . 4 . . . . . . . . . . . . . . . . . . . . . . . 31 617 554 529 19 Regen/Repaired (Parts) 5222 | . . . 383 . . . 309 . . . . 26 226 . . . . . . . . . 286 . . . . . . . 113 1281 911 410 1277 Core Remaining (%) 67 | 100 . 85 . . . 40 . . . 38 . . . 62 . . . 90 . 66 . . . . . . 89 . 46 . . 61 . . 66 Volleys Fired 2139 | 9 7 25 95 5 101 34 86 40 11 39 31 56 1 52 . 63 . 15 102 123 . 116 105 14 7 4 27 111 137 83 84 381 104 28 43 Largest 3 | 2 2 2 2 2 2 2 3 2 2 2 1 3 1 3 . 3 . 3 3 3 . 2 1 1 1 1 1 3 3 1 1 1 3 1 3 Hottest 420 | 40 136 136 128 105 46 46 111 129 129 129 85 246 5 204 . 208 . 168 123 118 . 153 120 120 120 10 120 241 223 68 120 140 420 140 420 Shots Fired 2897 | 18 12 49 188 10 124 57 201 92 42 46 31 120 1 81 . 108 . 21 131 173 . 120 105 14 7 4 27 142 226 82 85 381 108 28 63 Gun 1350 | 18 . . 97 . 123 55 198 65 5 20 2 73 . 34 . 55 . 6 56 99 . 4 . . . . 11 40 195 . 25 169 . . . Cannon 955 | . 12 49 89 10 . . . 24 31 7 . 35 . 16 . 22 . 8 8 25 . 31 27 14 2 . 9 93 27 36 29 184 85 20 62 Launcher 134 | . . . 2 . 1 2 3 3 6 1 . 1 . 6 . 4 . 1 2 1 . 1 3 . 3 . 7 2 . 46 11 11 14 2 1 Special 458 | . . . . . . . . . . 18 29 11 1 25 . 27 . 6 65 48 . 84 75 . 2 4 . 7 4 . 20 17 9 6 . Kinetic 1385 | 18 . . 132 5 119 55 196 72 31 10 . 60 . 23 . 33 . 12 64 121 . 4 . . . . 11 16 182 36 48 137 . . . Thermal 822 | . 12 49 54 5 . . 2 17 5 17 2 40 . 27 . 44 . 2 . 3 . 31 27 14 2 . 9 91 12 . 6 184 85 20 62 Explosive 73 | . . . 2 . 1 2 3 3 6 1 . 1 . 6 . 4 . 1 2 1 . 1 3 . 3 . 7 2 . 1 . 6 14 2 1 Electromagnetic 159 | . . . . . 4 . . . . . . 8 . . . . . . . . . . . . . . . 26 28 45 11 37 . . . Robot Hit Streak 32 | 4 6 7 15 3 10 15 21 28 11 8 8 12 3 19 . 32 . 7 18 15 . 27 5 . 5 3 5 12 15 3 12 17 17 17 9 Robot Miss Streak 9 | 1 1 3 4 2 5 2 3 3 3 2 2 4 . 9 . 4 . 4 3 3 . 2 8 . 1 1 3 5 4 2 3 7 4 1 . Penetration Max 2 | . . . . . 1 2 . . . . . . . 1 . 2 . . 1 2 . . . . . . . 1 1 . . 2 1 . . Secondary Targets 11 | . . . 1 . . 1 2 . . . . . . . . 1 . . 2 1 . . . . . . . . 3 . . . . . . Max Gunslinging Chain 1 | . . . 1 . . 1 1 . . . . . . . . 1 . . 1 1 . . . . . . . . 1 . . . . . . Autonomous 84 | . . . . . . . . 20 26 6 . 7 . 10 . 15 . . . . . . . . . . . . . . . . . . . Shots Hit Robots 2217 | 11 9 30 127 5 92 48 159 110 45 46 20 93 1 73 . 72 . 12 88 121 . 95 65 . 3 3 7 90 127 12 42 227 167 69 148 Core Hits 1084 | 8 5 10 51 3 49 32 63 52 27 10 1 61 . 53 . 48 . 4 24 55 . 12 10 . 2 . 19 50 54 51 14 135 83 36 62 Critical Kills 79 | . . . . . 1 4 . . . . . . . 1 . 5 . . 4 13 . 1 1 . . . 1 4 11 . 3 25 3 1 1 Critical Parts Destroyed 124 | . . . . . 10 4 . . . 2 . . . 1 . 4 . 4 5 20 . 4 . . . . 2 4 21 . 5 17 10 . 11 Critical Strikes 329 | . . . . 1 15 9 . 4 7 9 . 3 . 3 . 11 . 4 9 44 . 5 1 . . . 4 8 35 . 9 55 21 15 57 Burn 8 | . . . . . . . . 2 1 5 . . . . . . . . . . . . . . . . . . . . . . . . . Meltdown 10 | . . . . . . . . . . . . . . . . . . . . . . 1 1 . . . . . . . . 4 3 1 . Destroy 189 | . . . . . 11 8 . . . 2 . . . 2 . 10 . 4 9 42 . . . . . . 4 7 35 . 9 46 . . . Blast 10 | . . . . 1 . . . 1 4 1 . 1 . 1 . 1 . . . . . . . . . . . . . . . . . . . Corrupt 2 | . . . . . . . . . . . . 1 . . . . . . . . . . . . . . . . . . . 1 . . . Smash 35 | . . . . . . . . . . . . . . . . . . . . 2 . 4 . . . . . 1 . . . . 12 . 16 Sever 20 | . . . . . 4 1 . 1 2 1 . 1 . . . . . . . . . . . . . . . . . . . 2 6 . 2 Impale 55 | . . . . . . . . . . . . . . . . . . . . . . . . . . . . . . . . 2 . 14 39 Melee Attacks 978 | . . . . . 36 8 14 73 14 33 1 33 . 39 . 18 . 1 . 72 . 54 13 . 2 . . 21 . . 19 124 182 59 162 Impact 262 | . . . . . . . . . . . . . . . . . . . . 72 . 54 13 . 2 . . 21 . . . . 48 1 51 Slashing 605 | . . . . . 32 8 14 73 7 27 1 33 . 39 . 18 . 1 . . . . . . . . . . . . 19 118 134 34 47 Piercing 94 | . . . . . . . . . . . . . . . . . . . . . . . . . . . . . . . . 6 . 24 64 Sneak Attacks 95 | . . . . . 4 1 2 1 6 7 1 1 . 4 . . . . . . . 2 1 . . . . 7 . . 4 13 39 2 . Combat Hostiles 5 | . . . . . . 1 . . . . . . . . . . . . . . . . . . . . . . . . . . 4 . . Follow-up Attacks 22 | . . . . . . . . . . . . . . . . . . . . . . . . . . . . . . . . 1 3 2 16 Martial Strikes 22 | . . . . . . . . . . . . . . . . . . . . . . . . . . . . . . . . . 13 1 8 Damage Inflicted 117096 | 109 189 687 2640 141 2147 1286 3203 4485 3624 1240 80 2309 . 3659 . 2939 . 281 1028 3025 . 1708 1521 . 226 . 1764 4062 3260 4932 1103 16489 28567 7885 12507 Guns 17844 | 109 . . 1060 . 1120 717 2247 752 55 228 18 1015 . 757 . 1203 . 49 746 1621 . 17 . . . . 98 610 2577 . 281 2564 . . . Cannons 24368 | . 189 687 1347 141 . . . 1602 2062 611 . 762 . 1067 . 1073 . 35 15 564 . 519 395 . 53 . . 2153 668 838 36 5232 3227 695 397 Explosions 35299 | . . . 233 . 50 280 369 310 1142 . . 251 . 982 . 663 . 197 267 230 . 372 897 . 173 . 1666 531 . 4094 82 4817 12481 1510 3702 Melee 39457 | . . . . . 897 289 569 1821 365 401 62 281 . 853 . . . . . 610 . 800 229 . . . . 753 . . 704 3876 12859 5680 8408 Ramming 128 | . . . . . 80 . 18 . . . . . . . . . . . . . . . . . . . . 15 15 . . . . . . Kinetic 23295 | 109 . . 1692 75 1119 717 2230 2222 2062 633 . 1083 . 1188 . 1293 . 52 761 2185 . 17 . . . . 98 187 2621 838 317 1796 . . . Thermal 18101 | . 189 687 715 66 . . 17 132 55 206 18 664 . 636 . 983 . 32 . . . 519 747 . 53 . . 1956 177 343 . 5587 3227 695 397 Explosive 25121 | . . . 233 . 50 280 369 310 1142 . . 251 . 982 . 663 . 197 267 230 . 372 545 . 173 . 1666 531 . 353 . 4121 10286 1510 590 Electromagnetic 5687 | . . . . . 1 . . . . . . 30 . . . . . . . . . . . . . . . 620 447 3398 82 1109 . . . Impact 14484 | . . . . . . . . . . . . . . . . . . . . 610 . 800 229 . . . . 753 . . . . 5637 . 6455 Slashing 26114 | . . . . . 897 289 569 1821 365 401 62 281 . 853 . . . . . . . . . . . . . . . . 704 3408 9417 4568 2479 Piercing 4166 | . . . . . . . . . . . . . . . . . . . . . . . . . . . . . . . . 468 . 1112 2586 Highest Corruption 31 | . . . . . . . . 3 . 1 . . . 9 . . . . . 6 . . 2 2 2 2 2 7 31 3 4 20 . . 5 Average Corruption 5 | . . . . . . . . 2 . 1 . . . 2 . . . . . 5 . . 1 2 2 2 2 4 18 2 3 9 . . 5 Corruption Purged 3 | . . . . . . . . 3 . . . . . . . . . . . . . . . . . . . . . . . . . . . Corruption Blocked . | . . . . . . . . . . . . . . . . . . . . . . . . . . . . . . . . . . . . Effects 491 | . . . . . . . . 34 . 12 . . . 15 . . . . . 39 . . 10 3 1 1 2 24 78 7 88 147 . . 30 Message Errors 121 | . . . . . . . . 5 . 5 . . . 4 . . . . . 9 . . 3 . 1 1 . 8 18 1 20 40 . . 6 Matter Fused 125 | . . . . . . . . 10 . 3 . . . 6 . . . . . 9 . . 4 1 . . . 4 24 2 21 34 . . 7 Heat Flow Errors 54 | . . . . . . . . 6 . 1 . . . . . . . . . 2 . . 1 . . . . 5 5 . 10 19 . . 5 Energy Discharges 47 | . . . . . . . . 3 . 1 . . . 1 . . . . . 6 . . . . . . . 1 8 1 9 13 . . 4 Parts Rejected 6 | . . . . . . . . . . . . . . . . . . . . . . . . . . . . 1 . 1 . 3 . . 1 Parts Fused 6 | . . . . . . . . . . . . . . . . . . . . . . . . . . . . . 3 . 2 . . . 1 Data Loss (minor) 59 | . . . . . . . . 2 . 1 . . . . . . . . . 10 . . 2 . . . 2 . 7 1 16 15 . . 3 Data Loss (major) 22 | . . . . . . . . 5 . 1 . . . 3 . . . . . 1 . . . 1 . . . . 2 . 5 3 . . 1 Misfires 20 | . . . . . . . . 1 . . . . . 1 . . . . . 2 . . . . . . . 3 4 . 2 7 . . . Alerts 11 | . . . . . . . . 1 . . . . . . . . . . . . . . . 1 . . . 2 1 . 2 3 . . 1 Misdirections 6 | . . . . . . . . . . . . . . . . . . . . . . . . . . . . . 3 . . 3 . . . Weapon Failures 14 | . . . . . . . . 1 . . . . . . . . . . . . . . . . . . . . 3 1 1 7 . . 1 Overload Shots . | . . . . . . . . . . . . . . . . . . . . . . . . . . . . . . . . . . . . Overflow Damage 16348 | . . 25 . 9 . . 122 211 277 181 . 59 . 479 . 261 . 20 60 153 . 235 354 . 6 . 130 515 1 214 . 2197 7693 1353 1793 Projectiles 2566 | . . 25 . 9 . . . 151 206 181 . 59 . 427 . 209 . . . . . . 39 . . . . 91 1 129 . 383 449 200 7 Explosions 4943 | . . . . . . . 42 38 33 . . . . 12 . 52 . 20 60 14 . . 185 . 6 . 130 33 . 85 . 456 3018 421 338 Melee 8839 | . . . . . . . 80 22 38 . . . . 40 . . . . . 139 . 235 130 . . . . 391 . . . 1358 4226 732 1448 Knockbacks 115 | . . . 2 . . . . 9 4 5 . 13 . 8 . 2 . . 1 6 . . 1 . . . . 3 . 4 . . 16 . 41 Impact 57 | . . . . . . . . . . . . . . . . . . . . 2 . . 1 . . . . 3 . . . . 16 . 35 Kinetic 48 | . . . 2 . . . . 9 4 3 . 12 . 7 . 2 . . 1 4 . . . . . . . . . 4 . . . . . Secondary 10 | . . . . . . . . . . 2 . 1 . 1 . . . . . . . . . . . . . . . . . . . . 6 Self-Inflicted Damage 667 | . . . . . . . . 29 . . . 19 . 45 . 15 . . . 79 . . 38 . . . 67 7 7 283 18 60 . . . Shots 26 | . . . . . . . . 1 . . . 1 . 2 . 1 . . . 1 . . 1 . . . 2 . . 11 1 5 . . . Rammed 25 | . . 1 . . 16 . 6 . . . . . . . . . . . . . . . . . . . . 1 1 . . . . . . Targets Rammed 26 | . . 1 . . 17 . 6 . . . . . . . . . . . . . . . . . . . . 1 1 . . . . . . Kicked . | . . . . . . . . . . . . . . . . . . . . . . . . . . . . . . . . . . . . Crushed 1 | . . . . . 1 . . . . . . . . . . . . . . . . . . . . . . . . . . . . . . Highest Temperature 443 | . 258 310 294 192 . 30 24 413 126 264 34 443 . 319 . 200 . 39 200 374 . 367 306 262 96 . 96 293 249 40 272 250 364 198 368 Average Temperature 86 | . 109 104 78 83 . 15 9 85 47 101 20 139 . 123 . 74 . 20 60 112 . 82 94 91 54 . 35 80 70 21 90 70 76 61 122 Received Heat Transfer 4317 | . 42 123 384 . . 450 333 513 243 27 . 288 . 80 . 128 . 9 126 516 . 57 54 . . . 36 72 271 72 . 238 99 28 128 Effects 14 | . . 1 1 . . . . 1 . . . 1 . . . . . . . 2 . 2 1 . . . . 2 . . . . 3 . . Shutdowns 2 | . . . . . . . . 1 . . . . . . . . . . . . . 1 . . . . . . . . . . . . . Energy Bleed 6 | . . 1 1 . . . . . . . . 1 . . . . . . . . . . . . . . . . . . . . 3 . . Interference 4 | . . . . . . . . . . . . . . . . . . . . 2 . . . . . . . 2 . . . . . . . Matter Decay 1 | . . . . . . . . . . . . . . . . . . . . . . 1 . . . . . . . . . . . . . Short Circuit 1 | . . . . . . . . . . . . . . . . . . . . . . . 1 . . . . . . . . . . . . Siege Activations 2 | . . . . . . . . . . . . . . . . 1 . . . . . . . . . . . . . . 1 . . . . Total Turns 19 | . . . . . . . . . . . . . . . . 11 . . . . . . . . . . . . . . 8 . . . . Longest Duration 11 | . . . . . . . . . . . . . . . . 11 . . . . . . . . . . . . . . 8 . . . . Martial Activations . | . . . . . . . . . . . . . . . . . . . . . . . . . . . . . . . . . . . . Shielding Activations 1 | . . . . . . . . . . . . . . . . . . . . . . . . . . . . . . . . 1 . . . Total Turns 3 | . . . . . . . . . . . . . . . . . . . . . . . . . . . . . . . . 3 . . . Longest Duration 3 | . . . . . . . . . . . . . . . . . . . . . . . . . . . . . . . . 3 . . . Robots Disrupted 1 | . . . . . . . . . . . . . . . . . . . . . . . . . . . . . . . . 1 . . . Combat Hostiles 1 | . . . . . . . . . . . . . . . . . . . . . . . . . . . . . . . . 1 . . . Robots Corrupted 57 | . . . . . . . . . . . . . . . . . . . . 5 . 4 1 . . . . 5 2 14 . 7 9 . 10 Combat Hostiles 47 | . . . . . . . . . . . . . . . . . . . . 5 . 1 1 . . . . 1 2 14 . 6 7 . 10 Parts Fried 98 | . . . . . . . . . . . . . . . . . . . . 7 . 4 1 . . . . 7 3 33 2 14 13 . 14 Impact Corruptions 127 | . . . . . . . . . . 1 . . . 1 . . . . . 7 . 8 3 . . . . 14 . . . . 52 . 41 Robots Melted 11 | . . . . . . . . . . . . . . . . 1 . . . . . 1 1 . . . . . . . . 4 3 1 . Combat Hostiles 10 | . . . . . . . . . . . . . . . . 1 . . . . . 1 1 . . . . . . . . 4 3 . . Parts Melted 51 | . . 1 . . . . . 2 1 . . 3 . 4 . 2 . . 1 . . 4 2 . . . . 2 . . . 17 9 3 . Heat Transferred 19579 | . 333 1147 1221 111 . . 37 483 250 1050 50 1525 . 1400 . 2125 . 75 . . . 406 583 . 37 . . 1887 222 350 . 3928 1798 362 199 Parts Sabotaged 4 | . . . . . . . . . . . . . . . . . . . . . . . 4 . . . . . . . . . . . . Parts Stolen 1 | . . . . . . . . . . . . . . . . . . . . . . . . . 1 . . . . . . . . . . Parts Stripped . | . . . . . . . . . . . . . . . . . . . . . . . . . . . . . . . . . . . . Power Chain Reactions 6 | . . . . . . . . . . . . . . . . . . . . . . . . . . . . . . 4 . 2 . . . Alert | -11 -10 -10 -9 -9 -9 -8 -8 -8 -8 -8 -7 -7 -7 -7 -6 -6 -6 -6 -5 -5 -4 -4 -4 -4 -4 -4 -3 -3 -3 -2 -2 -2 -1 -1 -1 ------- Run | Yrd Mat Min Mat Min Exi Min Mat Gar Mat Gar Fac Gar Fac Gar Fac Gar Fac DSF Fac Gar Fac Gar Fac Upp Upp Zhi Pro Res Tes Res Qua Frg Acc Com Ac0 Maximum Alert Level 5 | . . . 1 . . . . 4 3 4 2 4 2 4 3 5 3 3 2 4 3 4 4 . . . . 2 2 4 2 5 5 5 . Low Security (%) 22 | 100 100 100 33 100 . 100 100 8 . . . . . . . . . . 2 1 . . . . . . . 44 7 . 12 3 . . . Level 1 20 | . . . 66 . . . . 12 . . 54 24 . 8 . . . . 60 4 . . . . . . . 10 81 20 68 5 . . . Level 2 14 | . . . . . . . . 26 25 6 45 34 100 15 . 19 . 24 36 21 . 11 . . . . . 44 10 39 18 5 . . . Level 3 17 | . . . . . . . . 24 74 59 . 37 . 34 100 17 100 75 . 36 100 46 59 . . . . . . 32 . 31 . . . Level 4 13 | . . . . . . . . 28 . 34 . 3 . 41 . 33 . . . 36 . 42 40 . . . . . . 8 . 28 4 . . Level 5 9 | . . . . . . . . . . . . . . . . 30 . . . . . . . . . . . . . . . 25 44 100 . High Security 2 | . . . . . . . . . . . . . . . . . . . . . . . . . . . . . . . . . 51 . . Max Security . | . . . . . . . . . . . . . . . . . . . . . . . . . . . . . . . . . . . . Peak Influence 3880 | 10 50 64 305 114 . 163 146 1558 961 1227 644 1191 625 1416 745 1884 994 900 483 1350 716 1582 1375 . . . . 617 424 1113 676 2590 3880 2620 . Initial 2483 | . . 5 . 114 . . 42 39 759 619 644 225 625 382 743 500 989 688 472 168 708 501 830 . . . . 135 240 231 621 177 1548 2483 . Average 706 | 1 5 10 214 18 . 49 74 805 754 995 417 673 585 961 733 1215 989 745 345 920 712 1047 1040 . . . . 303 288 623 325 1250 2352 2577 . Influence Increases 26040 | 25 73 196 854 108 . 474 802 1599 552 618 171 1166 12 1154 2 1644 5 252 744 1422 8 1351 1581 . 30 . 330 1027 811 1120 465 3353 2778 777 536 Destroy 0b10 Robot/C 11360 | . 40 120 580 80 . 340 480 700 320 240 100 600 . 580 . 740 . 100 240 680 . 280 320 . 20 . 280 460 520 520 60 1380 1340 240 . Destroy 0b10 Robot/NC 900 | 25 10 15 60 5 . 15 70 20 30 10 . . . 20 . . . . 30 . . 10 25 . . . . 50 15 50 5 125 265 45 . Destroy Leader 1530 | . 10 30 136 10 . 50 144 20 68 10 20 30 . 50 . 30 . 20 40 60 . 20 32 . 10 . 20 128 90 76 10 160 224 32 . Allied During Kill 1955 | . . . . 13 . . . 27 33 22 49 39 . 92 . 101 . 115 268 60 . 310 258 . . . . . . . 10 492 . 66 . Trap Triggered on 0b10 60 | . . . . . . . . . . . . . . . . . . . . . . . . . . . . . . . 60 . . . . Successful Hack 424 | . 13 . 27 . . . 61 7 . 14 . . 12 . 2 21 5 . 29 28 8 14 38 . . . . 50 26 . 5 24 36 4 . Select Force Hacks 30 | . . . . . . . . . 30 . . . . . . . . . . . . . . . . . . . . . . . . . . Disable Machine 1725 | . . 15 15 . . 15 15 . 15 . . . . . . . . . 60 . . 15 450 . . . . . 60 105 180 375 165 60 180 Anti-Garrison Action 2850 | . . . . . . . . 650 . 250 . 400 . 250 . 600 . . . 350 . 350 . . . . . . . . . . . . . Destroy Structure 3991 | . . 1 21 . . 24 32 115 26 42 2 82 . 117 . 122 . 17 62 169 . 292 398 . . . . 114 10 219 90 677 688 315 356 Partial Spotted 120 | . . . . . . . . . . . . . . . . . . . . . . 15 15 . . . . 60 . . . . 15 15 . Lose Combat Pursuer 1095 | . . 15 15 . . 30 . 60 30 30 . 15 . 45 . 30 . . 15 75 . 45 45 . . . 30 165 90 150 45 120 45 . . Influence Decreases 25771 | 25 58 211 561 401 . 363 853 101 1157 344 1076 297 656 285 703 475 905 336 1403 313 642 485 1826 626 186 555 130 799 826 428 1254 1088 1479 1507 3417 Entered New Map 14837 | . . 10 . 179 . . 69 21 799 334 583 97 566 165 673 215 895 296 428 73 642 215 752 496 136 555 . 65 188 182 484 139 1033 1397 3150 Time Decay 7196 | 25 58 201 561 222 . 323 568 . 318 . 198 . 90 . 30 . 10 . 565 . . . 404 130 50 . 110 474 568 246 770 749 416 110 . Lost Part 540 | . . . . . . 40 10 40 . 10 . 20 . . . 20 . . 20 40 . 30 10 . . . 20 110 60 . . 30 20 . 60 Lost Ally 2267 | . . . . . . . . 40 40 . 20 180 . 120 . 240 . 40 240 200 . 240 510 . . . . . 10 . . 170 10 . 207 Purge Threat 931 | . . . . . . . 206 . . . 275 . . . . . . . 150 . . . 150 . . . . 150 . . . . . . . Squads Dispatched 120 | . . 1 1 . . . 1 . 3 . 4 . . . . . . 1 7 . . . 13 . . . . 6 7 8 . 21 46 1 . Investigation 8 | . . 1 . . . . . . 1 . . . . . . . . . 1 . . . 1 . . . . . 1 2 . 1 . . . Extermination 28 | . . . . . . . . . . . . . . . . . . . 4 . . . 1 . . . . 5 5 1 . 8 4 . . Reinforcement 28 | . . . 1 . . . 1 . 1 . 1 . . . . . . 1 2 . . . 6 . . . . 1 1 3 . 2 7 1 . Assault 52 | . . . . . . . . . 1 . . . . . . . . . . . . . 4 . . . . . . 2 . 10 35 . . Garrison 4 | . . . . . . . . . . . 3 . . . . . . . . . . . 1 . . . . . . . . . . . . Intercept . | . . . . . . . . . . . . . . . . . . . . . . . . . . . . . . . . . . . . Searches Triggered . | . . . . . . . . . . . . . . . . . . . . . . . . . . . . . . . . . . . . Unchained Authorized 3 | . . . . . . . . . . . . . . . . . . . . . . . 1 . . . . 1 . . . . 1 . . Construction Impeded 8 | . . . . . . . . . 1 . . . . . . . . . 1 . . . 1 . . . . . . 3 . 1 1 . . Haulers Reinforced 4 | . . . . . . . . . . . . . . . . . . . . . . . 3 . . . . . . . . . 1 . . Active Scanning Responses . | . . . . . . . . . . . . . . . . . . . . . . . . . . . . . . . . . . . . Cargo Convoy Interrupts 1 | . . . . . . . . . . . . . . . . . . . . . . . 1 . . . . . . . . . . . . Alert ID Control Effect 157 | . . . . . . . . . . . . . . . . 4 . 4 18 5 . 20 49 . . . . . . . 4 53 . . . Stealth | -11 -10 -10 -9 -9 -9 -8 -8 -8 -8 -8 -7 -7 -7 -7 -6 -6 -6 -6 -5 -5 -4 -4 -4 -4 -4 -4 -3 -3 -3 -2 -2 -2 -1 -1 -1 --------- Run | Yrd Mat Min Mat Min Exi Min Mat Gar Mat Gar Fac Gar Fac Gar Fac Gar Fac DSF Fac Gar Fac Gar Fac Upp Upp Zhi Pro Res Tes Res Qua Frg Acc Com Ac0 Distress Signals 65 | . . . 2 . . . 4 . 2 . . . . . . . . . 2 . . . 8 . . . . 5 3 7 . 4 2 26 . Communications Jammed 11 | . . . . . . . 8 . . . . . . . . . . . . . . . . . . . . . . 3 . . . . . Distress Signals . | . . . . . . . . . . . . . . . . . . . . . . . . . . . . . . . . . . . . Times Spotted 963 | . 6 8 40 4 24 20 36 36 24 20 6 31 . 39 . 47 . 12 32 59 . 52 74 . 2 . 11 55 39 39 14 104 53 19 57 Peak Tracking Total 16 | . 2 2 5 4 9 3 4 4 5 4 1 5 . 5 . 7 . 4 6 16 . 8 11 . 1 . 5 15 7 8 3 7 6 5 5 Tactical Retreats 72 | . . 1 1 . 12 2 . 2 2 2 . 1 . 3 . 2 . . 1 5 . 2 4 . . . 2 6 3 5 2 8 2 . 4 Traps | -11 -10 -10 -9 -9 -9 -8 -8 -8 -8 -8 -7 -7 -7 -7 -6 -6 -6 -6 -5 -5 -4 -4 -4 -4 -4 -4 -3 -3 -3 -2 -2 -2 -1 -1 -1 ------- Run | Yrd Mat Min Mat Min Exi Min Mat Gar Mat Gar Fac Gar Fac Gar Fac Gar Fac DSF Fac Gar Fac Gar Fac Upp Upp Zhi Pro Res Tes Res Qua Frg Acc Com Ac0 Traps Triggered 65 | . . . . . . . . 6 . 4 . 9 . 5 . 5 . . . 4 . 6 . . . . . . . 3 7 11 2 3 . Indirectly 6 | . . . . . . . . . . . . . . . . . . . . . . . . . . . . . . 2 3 1 . . . Trap Hack Attempts . | . . . . . . . . . . . . . . . . . . . . . . . . . . . . . . . . . . . . Triggered . | . . . . . . . . . . . . . . . . . . . . . . . . . . . . . . . . . . . . Disarmed . | . . . . . . . . . . . . . . . . . . . . . . . . . . . . . . . . . . . . Reprogrammed . | . . . . . . . . . . . . . . . . . . . . . . . . . . . . . . . . . . . . Reused 6 | . . . . . . . . . . . . . . . . . . . . . . . . . . . . . . . 6 . . . . Traps Extracted 6 | . . . . . . . . . . . . . . . . . . . 6 . . . . . . . . . . . . . . . . Installed 6 | . . . . . . . . . . . . . . . . . . . . . . . . . . . . . . . 6 . . . . Triggered 6 | . . . . . . . . . . . . . . . . . . . . . . . . . . . . . . . 6 . . . . Most Traps Carried 6 | . . 2 2 2 2 . . . . . . . . . . . . . 6 6 6 6 6 6 6 6 6 6 6 6 6 . . . . Objects Rigged 3 | . . . . . . 1 . . . . . . . . . . . . 1 1 . . . . . . . . . . . . . . . Exploded 1 | . . . . . . 1 . . . . . . . . . . . . . . . . . . . . . . . . . . . . . Time Bombs Activated 2 | . . . . . . . . . . . . . . . . . . . 1 1 . . . . . . . . . . . . . . . Exploded 2 | . . . . . . . . . . . . . . . . . . . 1 1 . . . . . . . . . . . . . . . Machines | -11 -10 -10 -9 -9 -9 -8 -8 -8 -8 -8 -7 -7 -7 -7 -6 -6 -6 -6 -5 -5 -4 -4 -4 -4 -4 -4 -3 -3 -3 -2 -2 -2 -1 -1 -1 ---------- Run | Yrd Mat Min Mat Min Exi Min Mat Gar Mat Gar Fac Gar Fac Gar Fac Gar Fac DSF Fac Gar Fac Gar Fac Upp Upp Zhi Pro Res Tes Res Qua Frg Acc Com Ac0 Machines Disabled 175 | . . 1 1 . 10 1 1 5 1 4 . 4 . 3 . 7 . . 4 7 . 7 30 . . . . . 4 7 12 39 11 4 12 Max in Single Turn 4 | . . 1 1 . 1 1 1 1 1 2 . 1 . 1 . 2 . . 1 1 . 1 4 . . . . . 1 2 3 1 2 1 1 Garrison Access 10 | . . . . . . . . . . . . . . . . . . . . . . . 3 . . . . . . 1 1 1 4 . . Garrison Relay 29 | . . . . . . . . 5 . 2 . 4 . 3 . 5 . . . 5 . 5 . . . . . . . . . . . . . Phase Generator 2 | . . . . . . . . . . 1 . . . . . 1 . . . . . . . . . . . . . . . . . . . Energy Cycler 1 | . . . . . . . . . . . . . . . . . . . . . . . . . . . . . . . . . 1 . . Machines Repaired . | . . . . . . . . . . . . . . . . . . . . . . . . . . . . . . . . . . . . Machines Dismantled . | . . . . . . . . . . . . . . . . . . . . . . . . . . . . . . . . . . . . Machines Sabotaged . | . . . . . . . . . . . . . . . . . . . . . . . . . . . . . . . . . . . . Overloaded Fab Kills . | . . . . . . . . . . . . . . . . . . . . . . . . . . . . . . . . . . . . Hacking | -11 -10 -10 -9 -9 -9 -8 -8 -8 -8 -8 -7 -7 -7 -7 -6 -6 -6 -6 -5 -5 -4 -4 -4 -4 -4 -4 -3 -3 -3 -2 -2 -2 -1 -1 -1 --------- Run | Yrd Mat Min Mat Min Exi Min Mat Gar Mat Gar Fac Gar Fac Gar Fac Gar Fac DSF Fac Gar Fac Gar Fac Upp Upp Zhi Pro Res Tes Res Qua Frg Acc Com Ac0 Machines Accessed 135 | . 2 1 10 . 2 . 14 3 2 2 4 3 3 1 2 4 1 . 11 2 1 2 10 . . 4 . 12 10 2 7 3 13 2 2 Terminals 73 | . 2 . 7 . . . 10 3 1 2 2 3 . 1 . 4 1 . 4 2 . 2 2 . . . . 6 4 1 4 2 8 2 . Fabricators 6 | . . . . . . . . . . . . . . . . . . . 2 . . . . . . . . 1 2 . . . 1 . . Repair Stations 12 | . . . 2 . . . 2 . . . . . 1 . . . . . 2 . . . 3 . . . . 1 1 . . . . . . Recycling Units 4 | . . . . . . . . . . . . . . . . . . . 2 . . . 1 . . . . 1 . . . . . . . Scanalyzers 14 | . . . 1 . . . 1 . . . 1 . 1 . 1 . . . . . . . 1 . . . . 3 3 . 2 . . . . Garrison Access 17 | . . . . . . . 1 . 1 . 1 . 1 . 1 . . . 1 . 1 . 3 . . . . . . 1 1 1 4 . . Total Hacks 342 | . 6 1 46 . 5 . 42 6 5 2 9 4 6 2 7 6 2 . 32 4 2 4 24 . . 17 . 30 23 4 11 4 18 2 18 Successful 206 | . 2 1 27 . 5 . 30 1 3 1 1 . 4 1 4 2 1 . 19 2 2 1 16 . . 17 . 17 10 2 5 4 9 1 18 Failed 133 | . 4 . 19 . . . 12 5 2 1 8 4 1 1 3 4 1 . 13 2 . 3 7 . . . . 12 13 2 6 . 9 1 . Catastrophic 23 | . . . 1 . . . 1 1 1 . 2 1 . . . 1 . . 3 . . . 1 . . . . 4 1 . 2 . 4 . . Database Lockouts 3 | . . . . . . . . . . . . . 1 . . . . . . . . . 1 . . . . 1 . . . . . . . Manual 96 | . 7 . 21 . 1 . 18 . 1 . 3 . . . 1 . . . 11 1 1 . 7 . . . . 7 9 . 3 1 4 . . Terminals 164 | . 6 . 34 . . . 32 6 2 2 3 4 . 2 . 6 2 . 8 4 . 4 6 . . . . 10 11 2 6 2 10 2 . Fabricators 22 | . . . . . . . . . . . . . . . . . . . 14 . . . . . . . . 4 3 . . . 1 . . Repair Stations 32 | . . . 10 . . . 4 . . . . . 2 . . . . . 2 . . . 9 . . . . 3 2 . . . . . . Recycling Units 11 | . . . . . . . . . . . . . . . . . . . 6 . . . 2 . . . . 3 . . . . . . . Scanalyzers 40 | . . . 2 . . . 5 . . . 3 . 3 . 5 . . . . . . . 2 . . . . 10 7 . 3 . . . . Garrison Access 32 | . . . . . . . 1 . 3 . 3 . 1 . 2 . . . 2 . 2 . 5 . . . . . . 2 2 2 7 . . Terminal Hacks 85 | . 2 1 11 . 5 . 11 1 . 1 . . . 1 . 2 1 . 3 1 . 1 3 . . 17 . 3 . . 1 1 . 1 18 Record 25 | . . . . . 4 . . . . . . . . . . . . . . . . . . . . 5 . . . . . . . . 16 Part Schematic 5 | . 1 . . . . . . . . . . . . . . . . . . . . . . . . 4 . . . . . . . . . Robot Schematic 1 | . . . 1 . . . . . . . . . . . . . . . . . . . . . . . . . . . . . . . . Robot Analysis 9 | . 1 . 3 . . . 1 . . . . . . . . . . . . . . . . . . 4 . . . . . . . . . Prototype ID Bank 8 | . . . 2 . . . 2 . . . . . . . . . . . . . . . . . . 4 . . . . . . . . . Open Door 6 | . . 1 . . . . . 1 . . . . . 1 . 1 . . . . . . . . . . . . . . 1 . . 1 . Open DSF 1 | . . . . . . . . . . . . . . . . . 1 . . . . . . . . . . . . . . . . . . Branch Access Points 1 | . . . . . . . . . . . . . . . . . . . . . . . . . . . . 1 . . . . . . . Emergency Access Points 3 | . . . . . . . . . . . . . . . . . . . . 1 . 1 1 . . . . . . . . . . . . Terminal Index 2 | . . . . . . . . . . . . . . . . . . . . . . . 1 . . . . 1 . . . . . . . Unreport Threat 4 | . . . . . . . 2 . . . . . . . . . . . . . . . 1 . . . . 1 . . . . . . . Locate Traps 7 | . . . 2 . . . 3 . . . . . . . . . . . 2 . . . . . . . . . . . . . . . . Recall Investigation 1 | . . . . . . . . . . . . . . . . . . . 1 . . . . . . . . . . . . . . . . Hauler Manifests 2 | . . . 1 . . . 1 . . . . . . . . . . . . . . . . . . . . . . . . . . . . Registered Components 2 | . . . 1 . . . 1 . . . . . . . . . . . . . . . . . . . . . . . . . . . . Zone Layout 2 | . . . 1 . . . 1 . . . . . . . . . . . . . . . . . . . . . . . . . . . . Garrison Registry 2 | . . . . . . . . . . 1 . . . . . 1 . . . . . . . . . . . . . . . . . . . Proto ID Catalog 2 | . . . . . 1 . . . . . . . . . . . . . . . . . . . . . . . . . . 1 . . . Gate Test 138-A 1 | . . . . . . . . . . . . . . . . . . . . . . . . . . . . . . . . . . . 1 Gate Test 138-B 1 | . . . . . . . . . . . . . . . . . . . . . . . . . . . . . . . . . . . 1 Fabricator Hacks 13 | . . . . . . . . . . . . . . . . . . . 9 . . . . . . . . 2 2 . . . . . . Network Status 1 | . . . . . . . . . . . . . . . . . . . 1 . . . . . . . . . . . . . . . . Load Schematic 6 | . . . . . . . . . . . . . . . . . . . 4 . . . . . . . . 1 1 . . . . . . Build 6 | . . . . . . . . . . . . . . . . . . . 4 . . . . . . . . 1 1 . . . . . . Repair Station Hacks 18 | . . . 7 . . . 4 . . . . . 2 . . . . . 1 . . . 3 . . . . 1 . . . . . . . Scan Component 11 | . . . 4 . . . 2 . . . . . 1 . . . . . . . . . 3 . . . . 1 . . . . . . . Repair 6 | . . . 3 . . . 2 . . . . . 1 . . . . . . . . . . . . . . . . . . . . . . Refit 1 | . . . . . . . . . . . . . . . . . . . 1 . . . . . . . . . . . . . . . . Recycling Unit Hacks 2 | . . . . . . . . . . . . . . . . . . . 1 . . . . . . . . 1 . . . . . . . Report Inventory 1 | . . . . . . . . . . . . . . . . . . . . . . . . . . . . 1 . . . . . . . Retrieve Components 1 | . . . . . . . . . . . . . . . . . . . 1 . . . . . . . . . . . . . . . . Scanalyzer 20 | . . . 1 . . . 4 . . . . . 1 . 3 . . . . . . . 1 . . . . 7 2 . 1 . . . . Insert Component 7 | . . . . . . . 2 . . . . . . . 1 . . . . . . . . . . . . 3 1 . . . . . . Analyze 3 | . . . . . . . 2 . . . . . . . . . . . . . . . . . . . . 1 . . . . . . . Retrieve Study 10 | . . . 1 . . . . . . . . . 1 . 2 . . . . . . . 1 . . . . 3 1 . 1 . . . . Garrison Access Hacks 26 | . . . . . . . 1 . 2 . 1 . 1 . 1 . . . 1 . 1 . 5 . . . . . . 2 2 2 7 . . Unlock Access 7 | . . . . . . . 1 . 1 . 1 . 1 . 1 . . . 1 . 1 . . . . . . . . . . . . . . Seal Access 10 | . . . . . . . . . . . . . . . . . . . . . . . 3 . . . . . . 1 1 1 4 . . Coupler Status 9 | . . . . . . . . . 1 . . . . . . . . . . . . . 2 . . . . . . 1 1 1 3 . . Unauthorized Hacks 42 | . . . 8 . . . 10 . 1 . . . . . . . . . 4 1 1 . 4 . . . . 3 6 . 1 1 2 . . Terminals 31 | . . . 8 . . . 10 . . . . . . . . . . . 1 1 . . 2 . . . . 1 5 . . 1 2 . . Track 6 | . . . . . . . 1 . . . . . . . . . . . . . . . 2 . . . . . 1 . . 1 1 . . Assimilate 1 | . . . . . . . . . . . . . . . . . . . . . . . . . . . . . 1 . . . . . . Botnet 10 | . . . 2 . . . 2 . . . . . . . . . . . 1 1 . . . . . . . 1 2 . . . 1 . . Operators 3 | . . . 1 . . . 1 . . . . . . . . . . . . . . . . . . . . . 1 . . . . . . Skim 11 | . . . 5 . . . 6 . . . . . . . . . . . . . . . . . . . . . . . . . . . . Fabricators 2 | . . . . . . . . . . . . . . . . . . . 2 . . . . . . . . . . . . . . . . Prioritize 1 | . . . . . . . . . . . . . . . . . . . 1 . . . . . . . . . . . . . . . . Liberate 1 | . . . . . . . . . . . . . . . . . . . 1 . . . . . . . . . . . . . . . . Repair Stations 1 | . . . . . . . . . . . . . . . . . . . . . . . 1 . . . . . . . . . . . . Patch 1 | . . . . . . . . . . . . . . . . . . . . . . . 1 . . . . . . . . . . . . Recycling Units 4 | . . . . . . . . . . . . . . . . . . . 1 . . . 1 . . . . 2 . . . . . . . Recyclers 3 | . . . . . . . . . . . . . . . . . . . 1 . . . 1 . . . . 1 . . . . . . . Mask 1 | . . . . . . . . . . . . . . . . . . . . . . . . . . . . 1 . . . . . . . Scanalyzers 2 | . . . . . . . . . . . . . . . . . . . . . . . . . . . . . 1 . 1 . . . . Researchers 2 | . . . . . . . . . . . . . . . . . . . . . . . . . . . . . 1 . 1 . . . . Garrison Access 2 | . . . . . . . . . 1 . . . . . . . . . . . 1 . . . . . . . . . . . . . . Reprogram 1 | . . . . . . . . . . . . . . . . . . . . . 1 . . . . . . . . . . . . . . Eject 1 | . . . . . . . . . 1 . . . . . . . . . . . . . . . . . . . . . . . . . . Data Cores Recovered 3 | . 1 . . . . . . . . . . . . . . . . . . . . . . . . . . . . . 1 . . 1 . Used . | . . . . . . . . . . . . . . . . . . . . . . . . . . . . . . . . . . . . Hacking Detections 106 | . 2 . 8 . . . 13 3 1 2 4 3 3 1 2 3 . . 10 2 1 2 6 . . . . 12 10 1 5 2 8 2 . Full Trace Events 2 | . . . . . . . . . . . . . . . . . . . 1 . . . . . . . . . 1 . . . . . . Feedback Events . | . . . . . . . . . . . . . . . . . . . . . . . . . . . . . . . . . . . . Feedback Blocked . | . . . . . . . . . . . . . . . . . . . . . . . . . . . . . . . . . . . . Robot Schematics Acquired 4 | . . . 1 . . . . . . . . . . . . . . . . . . . . . . . . . . . 1 2 . . . Robots Built . | . . . . . . . . . . . . . . . . . . . . . . . . . . . . . . . . . . . . Authchips . | . . . . . . . . . . . . . . . . . . . . . . . . . . . . . . . . . . . . Time . | . . . . . . . . . . . . . . . . . . . . . . . . . . . . . . . . . . . . Total Robot Build Rating . | . . . . . . . . . . . . . . . . . . . . . . . . . . . . . . . . . . . . Part Schematics Acquired 21 | . 1 . . . . . 1 . . . . . . . . . . . . . . . . . . 4 . 1 . . 9 5 . . . Parts Built 9 | . . . . . . . . . . . . . . . . . . . 7 . . . . . . . . 1 1 . . . . . . Authchips 4 | . . . . . . . . . . . . . . . . . . . 3 . . . . . . . . 1 . . . . . . . Time 476 | . . . . . . . . . . . . . . . . . . . 409 . . . . . . . . 25 42 . . . . . . Total Part Build Rating 58 | . . . . . . . . . . . . . . . . . . . 49 . . . . . . . . 1 8 . . . . . . Part Studies Acquired 10 | . . . 1 . . . . . . . . . 1 . 2 . . . . . . . 1 . . . . 3 1 . 1 . . . . Parts Repaired 6 | . . . 3 . . . 2 . . . . . 1 . . . . . . . . . . . . . . . . . . . . . . Time 203 | . . . 102 . . . 57 . . . . . 44 . . . . . . . . . . . . . . . . . . . . . . Parts Recycled . | . . . . . . . . . . . . . . . . . . . . . . . . . . . . . . . . . . . . Recycled Matter . | . . . . . . . . . . . . . . . . . . . . . . . . . . . . . . . . . . . . Retrieved Matter . | . . . . . . . . . . . . . . . . . . . . . . . . . . . . . . . . . . . . Retrieved Components . | . . . . . . . . . . . . . . . . . . . . . . . . . . . . . . . . . . . . Parts Scanalyzed 3 | . . . . . . . 2 . . . . . . . . . . . . . . . . . . . . 1 . . . . . . . Part Schematics Acquired 2 | . . . . . . . 1 . . . . . . . . . . . . . . . . . . . . 1 . . . . . . . Parts Damaged 1 | . . . . . . . . . . . . . . . . . . . . . . . . . . . . 1 . . . . . . . Bothacking | -11 -10 -10 -9 -9 -9 -8 -8 -8 -8 -8 -7 -7 -7 -7 -6 -6 -6 -6 -5 -5 -4 -4 -4 -4 -4 -4 -3 -3 -3 -2 -2 -2 -1 -1 -1 ------------ Run | Yrd Mat Min Mat Min Exi Min Mat Gar Mat Gar Fac Gar Fac Gar Fac Gar Fac DSF Fac Gar Fac Gar Fac Upp Upp Zhi Pro Res Tes Res Qua Frg Acc Com Ac0 Used RIF Installer 9 | . . . . . . . . 1 . 1 . 2 . 2 . 1 . . . 1 . 1 . . . . . . . . . . . . . Coupler Efficiency 3 | . . . . . . . . . . . . 1 . 1 . . . . . . . 1 . . . . . . . . . . . . . Hotswap 1 | . . . . . . . . . . 1 . . . . . . . . . . . . . . . . . . . . . . . . . Code Merge 1 | . . . . . . . . . . . . . . . . 1 . . . . . . . . . . . . . . . . . . . Patrol Navigation 1 | . . . . . . . . . . . . . . . . . . . . 1 . . . . . . . . . . . . . . . Alert ID Control 1 | . . . . . . . . . . . . . . 1 . . . . . . . . . . . . . . . . . . . . . Autooverride 1 | . . . . . . . . . . . . 1 . . . . . . . . . . . . . . . . . . . . . . . Robots Hacked 229 | . . . . . 4 . . . 3 7 11 6 1 15 . 14 . 4 34 21 . 29 38 . . 3 . 5 4 . 12 8 8 2 . Non-combat 71 | . . . . . 3 . . . . . 7 . 1 . . . . . 21 . . . 22 . . . . 4 4 . . 1 8 . . Combat 158 | . . . . . 1 . . . 3 7 4 6 . 15 . 14 . 4 13 21 . 29 16 . . 3 . 1 . . 12 7 . 2 . Autooverrided 19 | . . . . . . . . . . . . 1 . 2 . . . . 2 3 . 3 4 . . . . . . . 3 1 . . . Robot Hacks Applied 266 | . . . . . 4 . . . 4 7 15 6 1 13 . 16 . 5 42 23 . 31 47 . . 3 . 7 4 . 12 12 9 5 . parse_system 23 | . . . . . 4 . . . . . . . . 1 . 1 . 1 1 3 . 1 2 . . 3 . . . . 3 1 . 2 . generate_echo 4 | . . . . . . . . . . . . . . . . . . . 1 . . . 3 . . . . . . . . . . . . find_chute 4 | . . . . . . . . . . . 1 . . . . . . . 3 . . . . . . . . . . . . . . . . hold_bot 1 | . . . . . . . . . . . . . . . . . . . 1 . . . . . . . . . . . . . . . . ignore_repairs 8 | . . . . . . . . . . . . . . . . . . . . . . . . . . . . 4 4 . . . . . . map_walls 12 | . . . . . . . . . . . 2 . . . . . . . 3 . . . 5 . . . . . . . . . 2 . . randomize_corridors 1 | . . . . . . . . . . . . . . . . . . . . . . . 1 . . . . . . . . . . . . map_earth 2 | . . . . . . . . . . . . . 1 . . . . . . . . . 1 . . . . . . . . . . . . find_fabricator 3 | . . . . . . . . . . . 1 . . . . . . . 1 . . . . . . . . 1 . . . . . . . drop_inventory 12 | . . . . . . . . . . . 1 . . . . . . . 4 . . . 2 . . . . 1 . . . . 4 . . locate_stockpiles 2 | . . . . . . . . . . . . . . . . . . . 1 . . . 1 . . . . . . . . . . . . find_recycling 1 | . . . . . . . . . . . . . . . . . . . 1 . . . . . . . . . . . . . . . . ignore_parts 1 | . . . . . . . . . . . . . . . . . . . 1 . . . . . . . . . . . . . . . . purge_threat 3 | . . . . . . . . . . . 2 . . . . . . . 1 . . . . . . . . . . . . . . . . reprogram_traps 1 | . . . . . . . . . . . . . . . . . . . 1 . . . . . . . . . . . . . . . . summon_haulers 1 | . . . . . . . . . . . . . . . . . . . 1 . . . . . . . . . . . . . . . . map_route 6 | . . . . . . . . . . . . . . . . . . . 1 . . . 4 . . . . . . . . . 1 . . mark_security 1 | . . . . . . . . . . . . . . . . . . . . . . . 1 . . . . . . . . . . . . disable_scanner 2 | . . . . . . . . . . . . . . . . . . . . . . . . . . . . . . . . 2 . . . report_analyses 3 | . . . . . . . . . . . . . . . . . . . . . . . . . . . . . . . . 3 . . . find_shortcuts 1 | . . . . . . . . . . . . . . . . . . . . . . . 1 . . . . . . . . . . . . find_garrison 2 | . . . . . . . . . 1 . . . . . . . . . . . . . 1 . . . . . . . . . . . . link_fov 15 | . . . . . . . . . . . 1 . . . . . . . 4 . . . 9 . . . . . . . . . 1 . . focus_fire 2 | . . . . . . . . . . . . . . . . 1 . . . . . . 1 . . . . . . . . . . . . scatter_targeting 2 | . . . . . . . . . . . . . . . . . . . . . . . 1 . . . . . . . . . . 1 . disrupt_area 4 | . . . . . . . . . . . . . . . . . . . . 1 . 3 . . . . . . . . . . . . . spike_heat 1 | . . . . . . . . . . . . . . . . . . . . 1 . . . . . . . . . . . . . . . overload_power 3 | . . . . . . . . . . . 1 . . . . . . . 2 . . . . . . . . . . . . . . . . amplify_resonance 21 | . . . . . . . . . . 2 . 1 . 1 . 2 . . 2 3 . 3 6 . . . . . . . . 1 . . . wipe_record 3 | . . . . . . . . . . 1 . . . . . . . . . . . 1 . . . . . 1 . . . . . . . disable_weapons 8 | . . . . . . . . . . . . . . . . 1 . . 1 2 . 3 . . . . . . . . 1 . . . . reboot_system 7 | . . . . . . . . . 1 2 1 1 . . . . . . . . . . 1 . . . . . . . 1 . . . . overwrite_iff 25 | . . . . . . . . . . 1 1 1 . 3 . 8 . . 1 3 . 5 1 . . . . . . . . 1 . . . streamctrl_high 1 | . . . . . . . . . . . . . . 1 . . . . . . . . . . . . . . . . . . . . . formatsys_low 9 | . . . . . . . . . . . 2 . . . . . . . 3 . . . 1 . . . . . . . . 2 1 . . formatsys_high 71 | . . . . . . . . . 2 1 2 3 . 7 . 3 . 4 8 10 . 15 5 . . . . . . . 7 2 . 2 . Relay Couplers Released 132 | . . . . . . . . 22 4 7 . 17 . 10 . 19 . . . 21 . 16 2 . . . . . . 3 2 3 6 . . Ejected 4 | . . . . . . . . . 4 . . . . . . . . . . . . . . . . . . . . . . . . . . Machine Destruction 124 | . . . . . . . . 18 . 7 . 17 . 10 . 19 . . . 21 . 16 2 . . . . . . 3 2 3 6 . . Programmers 4 | . . . . . . . . 4 . . . . . . . . . . . . . . . . . . . . . . . . . . . Attached 42 | . . . . . . . . 1 2 2 2 3 1 3 1 6 . 1 1 8 . 5 1 . . . . . . . 1 2 1 1 . Merged Code Value 165 | . . . . . . . . . . . . . . . . 88 . 13 . 32 . 32 . . . . . . . . . . . . . Fabnet Peak Effective % . | . . . . . . . . . . . . . . . . . . . . . . . . . . . . . . . . . . . . Robots Rewired 36 | . . . . . . . . 2 . 5 . . . . . 11 . . . 4 . 14 . . . . . . . . . . . . . Allies Hacked 8 | . . . . . . . . . . . . . . . . . . . 3 1 . . 2 . . . . . 1 . . 1 . . . Hacks Repelled . | . . . . . . . . . . . . . . . . . . . . . . . . . . . . . . . . . . . . Allies | -11 -10 -10 -9 -9 -9 -8 -8 -8 -8 -8 -7 -7 -7 -7 -6 -6 -6 -6 -5 -5 -4 -4 -4 -4 -4 -4 -3 -3 -3 -2 -2 -2 -1 -1 -1 -------- Run | Yrd Mat Min Mat Min Exi Min Mat Gar Mat Gar Fac Gar Fac Gar Fac Gar Fac DSF Fac Gar Fac Gar Fac Upp Upp Zhi Pro Res Tes Res Qua Frg Acc Com Ac0 Total Allies 170 | . . . . 3 . . . 2 2 7 5 5 . 16 . 24 . 4 14 18 . 39 11 . . . . . 1 . 10 6 1 2 . Largest Group 34 | . . . . 3 2 . . 2 2 6 10 7 . 9 8 11 11 13 16 11 11 34 32 . . . . . 1 . 7 8 . 2 . Highest-Rated Group 1813 | . . . . 40 32 . . 78 31 130 245 159 . 308 213 332 332 418 477 684 684 1813 1791 . . . . . 26 . 1200 1367 . 424 . Highest-Rated Ally 344 | . . . . 16 16 . . 39 16 39 39 32 . 95 62 62 32 90 49 148 148 148 148 . . . . . 26 . 344 344 . 212 . Total Orders 202 | . . . . . 2 . . 2 2 . 4 10 . 6 . 2 . 3 23 6 . 15 2 . . . . . . . 10 30 . . 85 STAY 61 | . . . . . 2 . . 1 1 . 2 3 . 3 . 1 . 1 9 2 . 11 1 . . . . . . . 7 15 . . 2 ROAM 7 | . . . . . . . . . . . . . . 2 . . . . . 2 . . . . . . . . . . . 2 . . 1 FOLLOW 45 | . . . . . . . . 1 1 . 1 6 . 1 . 1 . 2 11 2 . 4 . . . . . . . . 3 11 . . 1 AID 7 | . . . . . . . . . . . 1 1 . . . . . . 2 . . . 1 . . . . . . . . 2 . . . PICKUP 1 | . . . . . . . . . . . . . . . . . . . 1 . . . . . . . . . . . . . . . . EXPLORE 32 | . . . . . . . . . . . . . . . . . . . . . . . . . . . . . . . . . . . 32 RETURN 49 | . . . . . . . . . . . . . . . . . . . . . . . . . . . . . . . . . . . 49 Ally Attacks 1619 | . . . . 8 12 . . 33 34 17 20 24 . 37 2 86 . 25 192 68 . 129 265 . . . . . . . 44 272 . 36 315 Total Damage 63059 | . . . . 70 141 . . 459 508 296 377 605 . 517 30 1861 . 685 4392 1677 . 5137 9535 . . . . . . . 2457 14136 . 3588 16588 Kills 295 | . . . . 3 . . . 10 1 7 5 5 . 6 . 15 . 7 29 11 . 24 71 . . . . . . . 5 58 . 6 32 Allies Corrupted 15 | . . . . . . . . . . . . 1 . 1 . . . . 4 1 . 2 1 . . . . . . . . 3 . . 2 Allies Melted 2 | . . . . . . . . . . . . . . . . . . . . 1 . . 1 . . . . . . . . . . . . Turrets Deployed 1 | . . . . . . . . . . . . . . . . . . . . 1 . . . . . . . . . . . . . . . Intel | -11 -10 -10 -9 -9 -9 -8 -8 -8 -8 -8 -7 -7 -7 -7 -6 -6 -6 -6 -5 -5 -4 -4 -4 -4 -4 -4 -3 -3 -3 -2 -2 -2 -1 -1 -1 ------- Run | Yrd Mat Min Mat Min Exi Min Mat Gar Mat Gar Fac Gar Fac Gar Fac Gar Fac DSF Fac Gar Fac Gar Fac Upp Upp Zhi Pro Res Tes Res Qua Frg Acc Com Ac0 Active Infowar (turns) 25284 | . 474 1150 165 . . . 96 54 . 914 408 433 . . 62 596 . . 1051 1686 12 1533 702 260 116 89 131 972 1707 520 4647 3972 2099 390 1045 Optics 16217 | . 474 1150 165 . . . 70 . . . . . . . . . . . . . . . . . . . . . 1685 520 4647 3972 2099 390 1045 Sensors 8098 | . . . . . . . . . . . . . . . . . . . . . . . 205 260 116 89 131 687 962 250 1465 2115 1818 . . Terrain 3013 | . . . . . . . . . . . . . . . . . . . . . . . . . . . . 334 968 470 1241 . . . . Structural 19 | . . . . . . . . . . . . . . . . . . . . . . . . . . . . . . . . . 19 . . Traps 2124 | . . . . . . . . . . . . . . . . . . . . . . . . . . . . 894 1230 . . . . . . T.N.C. 4861 | . . . . . . . . . . . . . . . . . . . 1051 1686 12 1533 579 . . . . . . . . . . . . Triangulation 667 | . . . . . . . . . . . . . . . . . . . . . . . . . . . . . . . . . 667 . . Cloaking 2917 | . . . . . . . . . . . . . . . . . . . . . . . . . . . . . . . . 795 1844 278 . Jamming 2989 | . . . . . . . 26 54 . 914 408 433 . . 62 596 . . . . . . . . . . . . . 223 167 106 . . . Robot Analysis Total 9 | . 1 . 3 . . . 1 . . . . . . . . . . . . . . . . . . 4 . . . . . . . . . Derelict Logs Recovered 7 | . . 2 . 2 . . . . . . . . . . . . . . . . . . . 2 1 . . . . . . . . . . Drone Launches 79 | . . . . . . . . . . . . . . . . . . . . . . . . . . . . . . . . . . . 79 Drone Recoveries 61 | . . . . . . . . . . . . . . . . . . . . . . . . . . . . . . . . . . . 61 Exploration | -11 -10 -10 -9 -9 -9 -8 -8 -8 -8 -8 -7 -7 -7 -7 -6 -6 -6 -6 -5 -5 -4 -4 -4 -4 -4 -4 -3 -3 -3 -2 -2 -2 -1 -1 -1 ------------- Run | Yrd Mat Min Mat Min Exi Min Mat Gar Mat Gar Fac Gar Fac Gar Fac Gar Fac DSF Fac Gar Fac Gar Fac Upp Upp Zhi Pro Res Tes Res Qua Frg Acc Com Ac0 Turns Passed 46300 | 177 520 1150 1933 1323 3245 1334 2473 2362 708 1265 408 1864 195 1554 62 2180 23 328 1682 1710 12 1533 977 260 116 97 230 1219 1707 520 4647 3972 2099 1350 1065 Spaces Moved 31546 | 88 152 616 733 688 1321 534 1033 1028 401 482 233 897 89 716 31 1086 10 142 1101 1489 8 1550 1092 402 165 135 261 1412 1006 247 3151 3041 3269 988 1949 Core 5 | 5 . . . . . . . . . . . . . . . . . . . . . . . . . . . . . . . . . . . Treads 3307 | 83 152 616 202 . 859 . 18 108 . . . . . . . 52 10 142 565 . . . . . . . . . . . 500 . . . . Legs 2161 | . . . . . . 115 43 . . . . . . . . . . . . . . . . . . . . . . . 812 1191 . . . Wheels 10787 | . . . 531 688 462 419 972 920 401 482 233 897 89 716 31 1034 . . . . . . . . . . . . 826 247 1839 . . . . Hover 15286 | . . . . . . . . . . . . . . . . . . . 536 1489 8 1550 1092 402 165 135 261 1412 180 . . 1850 3269 988 1949 Flight . | . . . . . . . . . . . . . . . . . . . . . . . . . . . . . . . . . . . . Fastest Speed 23 | 50 160 160 160 190 170 190 190 145 145 145 145 145 160 160 150 150 156 156 61 53 53 53 53 53 53 53 40 40 47 110 90 28 33 36 23 Average Speed 103 | 153 160 160 195 190 210 224 193 184 153 148 145 158 160 161 151 153 156 156 111 71 53 57 58 53 53 53 52 50 103 110 122 62 34 39 32 Slowest Speed 330 | 160 160 160 250 190 250 245 330 330 175 175 145 175 160 190 160 240 156 156 156 290 53 61 127 53 53 53 53 127 170 110 221 320 104 104 110 Overloaded Moves 422 | . . . . . . . . . . . . . . . . . . . . 10 . . . . . . 16 15 . . . . . . 381 Propulsion Burnouts . | . . . . . . . . . . . . . . . . . . . . . . . . . . . . . . . . . . . . Robots Hopped . | . . . . . . . . . . . . . . . . . . . . . . . . . . . . . . . . . . . . Potential Cave-ins 16 | . . . . . . . . . . . . . . . . . . . . . . . . . . . . . . . . 13 2 . 1 Cave-ins Triggered 3 | . . . . . . . . . . . . . . . . . . . . . . . . . . . . . . . . 3 . . . Teleports 4 | . . . . . . . . . . . . . . . . . . . . . . . . . . . . . . . 1 1 . 1 1 Exploration Rate (%) 55 | 5 24 96 62 99 88 85 91 84 39 40 10 90 3 80 2 89 1 93 23 92 1 97 33 53 26 60 44 40 90 9 98 46 73 36 97 Regions Visited 35 Branch Regions 13 Pre-discovered Areas 9 | . . . 2 2 1 . . . . . . . . . . . . . . . . . . . 1 3 . . . . . . . . . Known Exits Taken 15 | . . . . . . 1 1 . 1 . 1 . 1 . 1 . 1 . 1 . 1 . . . . . . 1 1 1 1 1 1 . . Unknown Exits Taken 12 | 1 1 1 1 1 1 . . . . . . . . . . . . . . . . . 1 1 1 1 1 . . . . . . 1 . Scrap Searched 10 | . . 1 . 1 . 2 . . . . . . . . . . . . . . . . . 1 1 . 4 . . . . . . . . Spaces Dug 303 | . . . . . 1 . . 5 . . . 1 . 1 . 4 . 3 . 34 . 23 5 8 . . 4 17 2 9 6 60 93 5 22 Terrain Destroyed 1579 | . . 1 17 . 10 28 30 39 77 79 . 12 . 46 . 96 . 25 40 66 . 36 64 14 45 . 183 70 13 101 17 97 259 18 96 Melee 137 | . . . . . 1 . . 5 . . . 1 . 1 . 2 . 1 . 29 . 19 1 . . . . 7 . . 3 22 42 1 2 Projectile 399 | . . 1 6 . 5 3 . 4 3 2 . 2 . . . 6 . 2 11 15 . 11 13 14 1 . 12 31 9 16 12 68 99 9 44 AOE 1035 | . . . 11 . 3 25 30 30 74 77 . 9 . 45 . 88 . 22 29 21 . 6 50 . 44 . 171 32 . 85 . 7 118 8 50 Terrain Rammed . | . . . . . . . . . . . . . . . . . . . . . . . . . . . . . . . . . . . . Walls Destroyed . | . . . . . . . . . . . . . . . . . . . . . . . . . . . . . . . . . . . . Machines Disabled . | . . . . . . . . . . . . . . . . . . . . . . . . . . . . . . . . . . . . Actions | -11 -10 -10 -9 -9 -9 -8 -8 -8 -8 -8 -7 -7 -7 -7 -6 -6 -6 -6 -5 -5 -4 -4 -4 -4 -4 -4 -3 -3 -3 -2 -2 -2 -1 -1 -1 --------- Run | Yrd Mat Min Mat Min Exi Min Mat Gar Mat Gar Fac Gar Fac Gar Fac Gar Fac DSF Fac Gar Fac Gar Fac Upp Upp Zhi Pro Res Tes Res Qua Frg Acc Com Ac0 Total 41896 | 111 419 736 1064 697 1601 600 1297 1314 468 959 284 1194 139 998 45 1480 17 230 1495 1916 15 2045 1372 432 184 159 323 1782 1496 437 3850 4626 3993 1853 2265 Wait 4664 | . 244 80 148 1 40 2 85 46 16 353 15 101 44 69 9 48 8 55 219 144 6 247 122 13 3 . 15 97 174 72 377 761 321 669 60 Move 31513 | 87 151 615 732 687 1320 533 1033 1027 400 481 233 896 89 715 31 1085 9 141 1100 1488 7 1549 1091 401 164 134 260 1412 1005 246 3150 3038 3268 987 1948 Hop . | . . . . . . . . . . . . . . . . . . . . . . . . . . . . . . . . . . . . Pick Up 432 | 9 5 6 31 2 29 1 18 19 4 6 1 12 . 13 2 20 . 3 16 9 . 19 6 1 2 3 5 18 25 7 41 57 21 13 8 Fast Attach 280 | 5 2 . 12 . 3 4 11 9 2 5 . 7 2 7 . 11 . 1 6 10 . 4 11 . 2 6 . 35 36 2 28 28 13 7 11 Attach 193 | 1 . . 1 . 5 4 6 14 . 7 2 8 . 8 2 11 . . 11 4 2 4 2 . . 2 3 15 15 . 9 15 16 8 18 Detach 68 | . 1 . 1 . . 2 1 1 3 3 . 1 . 6 . 3 . . 1 2 . . 1 . . . . 8 6 . 6 5 7 2 8 Swap 606 | . 2 2 17 . 20 8 16 13 10 9 1 26 2 27 1 32 . 9 16 19 . 12 10 3 1 2 10 19 41 21 43 119 52 25 18 Drop 589 | . 7 7 27 2 30 3 21 24 8 7 . 15 1 22 . 24 . 4 21 14 . 14 11 . 3 8 3 46 55 6 63 76 31 20 16 Fire 2139 | 9 7 25 95 5 101 34 86 40 11 39 31 56 1 52 . 63 . 15 102 123 . 116 105 14 7 4 27 111 137 83 84 381 104 28 43 Melee 923 | . . . . . 36 8 14 73 14 33 1 33 . 39 . 18 . 1 . 72 . 54 13 . 2 . . 21 . . 19 123 160 55 134 Ram 2 | . . . . . . . . . . . . . . . . . . . . . . . . . . . . . 2 . . . . . . Kick . | . . . . . . . . . . . . . . . . . . . . . . . . . . . . . . . . . . . . Crush 24 | . . 1 . . 17 . 6 . . . . . . . . . . . . . . . . . . . . . . . . . . . . Escape Stasis 280 | . . . . . . . . 13 . 16 . 39 . 40 . 32 . . . 29 . 26 . . . . . . . . 24 22 . 39 . Rewire 171 | . . . . . . . . 35 . . . . . . . 133 . 1 1 . . . . . . . . . . . . 1 . . . Trap 11 | . . . . . . 1 . . . . . . . . . . . . 2 2 . . . . . . . . . . 6 . . . . Miscellaneous 1 | . . . . . . . . . . . . . . . . . . . . . . . . . . . . . . . . . . . 1 Route ------- -11/Scrapyard -10/Materials (discovered 2 exits: *Min / [*Sub]) -10/Mines (discovered 3 exits: *Mat x2 / [*Sub]) -9/Materials (discovered 6 exits: *Mat x3 / [*Min] / *Sto x2) -9/Mines (discovered 3 exits: *Mat x2 / *Exi) -9/Exiles -8/Mines (discovered 2 exits: *Mat x2) -8/Materials (discovered 4 exits: *Fac x3 / Gar) -8/Garrison (discovered 4 exits: *Mat x4) -8/Materials -8/Garrison (discovered 3 exits: *Fac x3) -7/Factory -7/Garrison (discovered 4 exits: *Fac x4) -7/Factory -7/Garrison (discovered 3 exits: *Fac x3) -6/Factory -6/Garrison (discovered 3 exits: *Fac x3) -6/Factory -6/DSF -5/Factory -5/Garrison (discovered 3 exits: *Fac x3) -4/Factory -4/Garrison (discovered 3 exits: *Fac x3) -4/Factory (discovered 2 exits: Res / [*Upp]) -4/Upper Caves -4/Upper Caves -4/Zhirov -3/Proximity Caves -3/Research (discovered 4 exits: *Res / Arm / *Tes x2) -3/Testing -2/Research -2/Quarantine (discovered 3 exits: *Acc / *Sec / *Frg) -2/Protoforge -1/Access (discovered 2 exits: [*Sur] / *Com) -1/Command (discovered 3 exits: [*Sur x2] / *Ac0) -1/Access_0 0b11 Command History --------- Turn | Location | Event 4 | -11/Scrapyard | Discovered new exit (range 16) 178 | -11/Scrapyard | Entered Materials 313 | -10/Materials | Build established: Mutant 511 | -10/Materials | Discovered new exit (range 8) 675 | -10/Materials | Discovered new exit (range 13) 698 | -10/Materials | Entered Mines 734 | -10/Mines | Found a hidden stash of uninstalled traps 769 | -10/Mines | Learned Materials terminal intel 802 | -10/Mines | Discovered new exit (range 6) 819 | -10/Mines | Met a Derelict shopkeep closing up shop 976 | -10/Mines | Discovered new exit (range 18) 1002 | -10/Mines | Learned location of 1 exit from Materials 1027 | -10/Mines | A weapon hastily lodged in a ceiling crevice suddenly fell to the ground 1134 | -10/Mines | Discovered new exit (range 4) 1848 | -10/Mines | Entered Materials 1848 | -9/Materials | Evolved 2 slots: Propulsion x1, Utility x1 1849 | -9/Materials | Identified exit to Storage 1850 | -9/Materials | Loaded intel: 12 terminal locations 1933 | -9/Materials | Discovered exit to Storage (range 10) 2723 | -9/Materials | Discovered new exit (range 11) 2793 | -9/Materials | Repaired Arm. Treads 2819 | -9/Materials | Repaired Lgt. Armor Plating 2859 | -9/Materials | Repaired Arm. Treads 2969 | -9/Materials | Learned Storage stockpile data 3021 | -9/Materials | Identified exit to Materials 3106 | -9/Materials | Learned location of Zion (-6) 3124 | -9/Materials | Learned 2 Storage zone layouts 3146 | -9/Materials | Loaded intel: 21 trap records 3683 | -9/Materials | Discovered new exit (range 10) 3781 | -9/Materials | Entered Mines 3852 | -9/Mines | Assisted by bots powering up and referring to "LRC-V3" 3951 | -9/Mines | Learned 2 Materials zone layouts 4007 | -9/Mines | Learned location of Storage (-9) 4179 | -9/Mines | Received a Rocket Launcher from a helpful Derelict 4201 | -9/Mines | Discovered exit to Materials (range 12) 4353 | -9/Mines | Discovered exit to Materials (range 6) 5094 | -9/Mines | Deemed a non-threat by the Exiles lab entrance 5094 | -9/Mines | Discovered new exit (range 5) 5104 | -9/Mines | Entered Exiles 5104 | -9/Exiles | Accompanied by 2 allies 5150 | -9/Exiles | Met 8R-AWN 5196 | -9/Exiles | Met EX-HEX 5255 | -9/Exiles | Met EX-BIN 5315 | -9/Exiles | Met EX-DEC 5436 | -9/Exiles | Aligned with FarCom system 5438 | -9/Exiles | Given EX-Vault access code 5484 | -9/Exiles | Opened EX-Vault 5504 | -9/Exiles | Found Modified TNC 5514 | -9/Exiles | Found AWS/Autocannon 5519 | -9/Exiles | Found PSU Rigger 5560 | -9/Exiles | Warned to stay clear of 0b10 Research branches 6765 | -9/Exiles | Attacked by the Exiles 6929 | -9/Exiles | Found 8R-AWN's Boregun 6955 | -9/Exiles | Found 8R-AWN's Boregun 6957 | -9/Exiles | Found AS-neutralizer No. 17b 6998 | -9/Exiles | Destroyed 8R-AWN 7177 | -9/Exiles | Destroyed EX-HEX 7279 | -9/Exiles | Destroyed EX-DEC 7347 | -9/Exiles | Destroyed EX-BIN 7808 | -9/Exiles | Found System Purifier 7855 | -9/Exiles | Found Exp. Core Analyzer 7858 | -9/Exiles | Found Deploy-a-Sentry 8334 | -9/Exiles | Discovered new exit (range 10) 8349 | -9/Exiles | Stole four prototypes: Modified TNC, PSU Rigger, AWS/Autocannon, Deploy-a-Sentry 8349 | -9/Exiles | Entered Mines 9183 | -8/Mines | Core integrity fell below 50% 9630 | -8/Mines | Discovered exit to Materials (range 6) 9645 | -8/Mines | Discovered exit to Materials (range 5) 9671 | -8/Mines | Build established: Scavenger-Mutant 9683 | -8/Mines | Entered Materials 9683 | -8/Materials | Evolved 2 slots: Utility x1, Weapon x1 10018 | -8/Materials | Build established: Scavenger-Tank 10054 | -8/Materials | Lost 4 parts (3u1w) 10153 | -8/Materials | Discovered new exit (range 7) 10752 | -8/Materials | Discovered new exit (range 10) 11067 | -8/Materials | Learned location of 2 exits from Lower Caves 11114 | -8/Materials | Learned Factory trap positions 11151 | -8/Materials | Learned 2 Lower Caves zone layouts 11176 | -8/Materials | Identified exit to Factory 11199 | -8/Materials | Learned 2 Storage zone layouts 11216 | -8/Materials | Learned Factory stockpile data 11527 | -8/Materials | Repaired Arm. Treads 11605 | -8/Materials | Build established: Hacker-Mutant 12006 | -8/Materials | Repaired Arm. Treads 12156 | -8/Materials | Identified exit to Garrison 12156 | -8/Materials | Entered Garrison 12220 | -8/Garrison | Triggered checkpoint 12292 | -8/Garrison | Garrison Relay disabled 12347 | -8/Garrison | Garrison Relay disabled 12566 | -8/Garrison | Triggered checkpoint 12686 | -8/Garrison | Discovered new exit (range 11) 12726 | -8/Garrison | Triggered checkpoint 13196 | -8/Garrison | Garrison Relay disabled 13202 | -8/Garrison | Build established: Scavenger-Mutant 13270 | -8/Garrison | Triggered checkpoint 13311 | -8/Garrison | Discovered new exit (range 3) 13458 | -8/Garrison | Triggered checkpoint 13520 | -8/Garrison | Triggered checkpoint 13656 | -8/Garrison | Triggered checkpoint 13698 | -8/Garrison | Triggered checkpoint 13797 | -8/Garrison | Found Hvy. Insulated Plating 13843 | -8/Garrison | Garrison Relay disabled 13864 | -8/Garrison | Triggered checkpoint 13898 | -8/Garrison | Installed Relay Interface Framework 13911 | -8/Garrison | Discovered new exit (range 12) 14062 | -8/Garrison | Triggered checkpoint 14132 | -8/Garrison | Garrison Relay disabled 14210 | -8/Garrison | Discovered new exit (range 10) 14357 | -8/Garrison | Build established: Mutant 14518 | -8/Garrison | Entered Materials 14701 | -8/Materials | Build established: Bothacker-Mutant 14918 | -8/Materials | First assault squad dispatched 15132 | -8/Materials | Core integrity fell below 50% 15212 | -8/Materials | Identified exit to Garrison 15226 | -8/Materials | Entered Garrison 15305 | -8/Garrison | Phase Generator disabled 15486 | -8/Garrison | Triggered checkpoint 15504 | -8/Garrison | Discovered exit to Factory (range 54) 15504 | -8/Garrison | Discovered exit to Factory (range 34) 15504 | -8/Garrison | Discovered exit to Factory (range 66) 15533 | -8/Garrison | Garrison Relay disabled 15648 | -8/Garrison | Triggered checkpoint 15758 | -8/Garrison | Triggered checkpoint 15788 | -8/Garrison | Triggered checkpoint 15808 | -8/Garrison | Garrison Relay disabled 15848 | -8/Garrison | Expanded RIF knowledge: Hotswap 16491 | -8/Garrison | Entered Factory 16491 | -7/Factory | Accompanied by 6 allies 16491 | -7/Factory | Evolved 2 slots: Propulsion x1, Utility x1 16492 | -7/Factory | Loaded intel: 120 trap records 16884 | -7/Factory | Identified exit to Garrison 16899 | -7/Factory | Entered Garrison 16899 | -7/Garrison | Accompanied by 7 allies 16951 | -7/Garrison | Triggered checkpoint 16996 | -7/Garrison | Lost 3 allies 17058 | -7/Garrison | Garrison Relay disabled 17345 | -7/Garrison | Triggered checkpoint 17351 | -7/Garrison | Triggered checkpoint 17412 | -7/Garrison | Build established: Bothacker-Tank 17521 | -7/Garrison | Triggered checkpoint 17629 | -7/Garrison | Triggered checkpoint 17677 | -7/Garrison | Expanded RIF knowledge: Autooverride 17699 | -7/Garrison | Discovered new exit (range 8) 17757 | -7/Garrison | Garrison Relay disabled 18013 | -7/Garrison | Expanded RIF knowledge: Coupler Efficiency 18026 | -7/Garrison | Discovered new exit (range 13) 18095 | -7/Garrison | Triggered checkpoint 18152 | -7/Garrison | Garrison Relay disabled 18317 | -7/Garrison | Triggered checkpoint 18354 | -7/Garrison | Lost 3 allies 18402 | -7/Garrison | Discovered new exit (range 3) 18536 | -7/Garrison | Discovered new exit (range 12) 18593 | -7/Garrison | Garrison Relay disabled 18617 | -7/Garrison | Triggered checkpoint 18763 | -7/Garrison | Entered Factory 18822 | -7/Factory | Repaired Arm. Huge Wheel 18887 | -7/Factory | Central database locked down 18958 | -7/Factory | Identified exit to Garrison 18958 | -7/Factory | Entered Garrison 19056 | -7/Garrison | Triggered checkpoint 19091 | -7/Garrison | Garrison Relay disabled 19232 | -7/Garrison | Expanded RIF knowledge: Coupler Efficiency 19413 | -7/Garrison | Discovered new exit (range 8) 19502 | -7/Garrison | Rescued a captive Derelict 19522 | -7/Garrison | Triggered checkpoint 19558 | -7/Garrison | Garrison Relay disabled 19678 | -7/Garrison | Triggered checkpoint 19705 | -7/Garrison | Triggered checkpoint 19788 | -7/Garrison | Discovered new exit (range 8) 19871 | -7/Garrison | Expanded RIF knowledge: Alert ID Control 19871 | -7/Garrison | Triggered checkpoint 20158 | -7/Garrison | Triggered checkpoint 20178 | -7/Garrison | Build established: Botlord-Mutant 20192 | -7/Garrison | Triggered checkpoint 20196 | -7/Garrison | Found embedded Infiltrators 20205 | -7/Garrison | Garrison Relay disabled 20346 | -7/Garrison | Discovered new exit (range 14) 20512 | -7/Garrison | Entered Factory 20512 | -6/Factory | Accompanied by 8 allies 20512 | -6/Factory | Evolved 2 slots: Utility x2 20565 | -6/Factory | Identified exit to Garrison 20574 | -6/Factory | Entered Garrison 20574 | -6/Garrison | Accompanied by 6 allies 20604 | -6/Garrison | Expanded RIF knowledge: Code Merge 20638 | -6/Garrison | Triggered checkpoint 20704 | -6/Garrison | Garrison Relay disabled 20748 | -6/Garrison | Garrison Relay disabled 20840 | -6/Garrison | Lost 3 allies 20953 | -6/Garrison | Spotted B-75 Beast 20970 | -6/Garrison | Triggered checkpoint 20970 | -6/Garrison | Allies destroyed B-75 Beast 20999 | -6/Garrison | Triggered checkpoint 21035 | -6/Garrison | Lost 6 allies 21065 | -6/Garrison | Triggered checkpoint 21251 | -6/Garrison | Build established: Botlord-Tank 21268 | -6/Garrison | Triggered checkpoint 21290 | -6/Garrison | Garrison Relay disabled 21358 | -6/Garrison | Rescued a captive Derelict 21361 | -6/Garrison | Rescued a captive Derelict 21447 | -6/Garrison | Discovered new exit (range 13) 21516 | -6/Garrison | Spotted B-75 Beast 21526 | -6/Garrison | Destroyed B-75 Beast 21552 | -6/Garrison | Found Fusion Bomb Launcher 21758 | -6/Garrison | Triggered checkpoint 21811 | -6/Garrison | Spotted B-75 Beast 21840 | -6/Garrison | AWS/Autocannon suddenly broke down 21856 | -6/Garrison | Destroyed B-75 Beast 21890 | -6/Garrison | Found Relay Coupler [Proto] 21892 | -6/Garrison | Found Relay Coupler [Proto] 21895 | -6/Garrison | Found Relay Coupler [Proto] 21897 | -6/Garrison | Found Relay Coupler [Proto] 21924 | -6/Garrison | Garrison Relay disabled 21969 | -6/Garrison | Discovered new exit (range 14) 22024 | -6/Garrison | Phase Generator disabled 22051 | -6/Garrison | Discovered new exit (range 30) 22051 | -6/Garrison | Discovered new exit (range 63) 22051 | -6/Garrison | Discovered new exit (range 16) 22435 | -6/Garrison | Garrison Relay disabled 22754 | -6/Garrison | Entered Factory 22754 | -6/Factory | Accompanied by 11 allies 22769 | -6/Factory | Identified exit to DSF 22777 | -6/Factory | Entered DSF 22777 | -6/DSF | Accompanied by 11 allies 22796 | -6/DSF | Additional patrols routed to DSF 23014 | -6/DSF | Discovered new exit (range 14) 23105 | -6/DSF | Entered Factory 23105 | -5/Factory | Accompanied by 13 allies 23105 | -5/Factory | Evolved 2 slots: Power x1, Propulsion x1 23611 | -5/Factory | Fabricated Cmb. Antigrav System? 23753 | -5/Factory | Fabricated Cmb. Antigrav System (x2) 23886 | -5/Factory | Fabricated Cmb. Antigrav System (x2) 24189 | -5/Factory | Lost 3 allies 24199 | -5/Factory | Fabricated Hcp. Storage Unit? 24359 | -5/Factory | Spotted B-75 Beast 24394 | -5/Factory | Allies destroyed B-75 Beast 24756 | -5/Factory | Identified exit to Garrison 24787 | -5/Factory | Entered Garrison 24787 | -5/Garrison | Accompanied by 5 allies 24817 | -5/Garrison | Lost 5 allies 24857 | -5/Garrison | Triggered checkpoint 24889 | -5/Garrison | Lost 3 allies 24924 | -5/Garrison | Garrison Relay disabled 24954 | -5/Garrison | Destroyed 11 combat bots 25125 | -5/Garrison | Spotted B-90 Cyclops 25125 | -5/Garrison | Rewired B-75 Beast 25162 | -5/Garrison | Spotted B-75 Beast 25186 | -5/Garrison | DAS Turret deployed 25194 | -5/Garrison | Allies destroyed B-75 Beast 25206 | -5/Garrison | Build established: Botlord-Mutant 25222 | -5/Garrison | Triggered checkpoint 25225 | -5/Garrison | Triggered checkpoint 25227 | -5/Garrison | Triggered checkpoint 25284 | -5/Garrison | Triggered checkpoint 25388 | -5/Garrison | Discovered new exit (range 13) 25543 | -5/Garrison | Triggered checkpoint 25589 | -5/Garrison | Garrison Relay disabled 25626 | -5/Garrison | Expanded RIF knowledge: Patrol Navigation 25674 | -5/Garrison | Discovered new exit (range 12) 25827 | -5/Garrison | Triggered checkpoint 25848 | -5/Garrison | Garrison Relay disabled 25870 | -5/Garrison | Garrison Relay disabled 25964 | -5/Garrison | Garrison Relay disabled 25969 | -5/Garrison | Triggered checkpoint 26009 | -5/Garrison | Discovered new exit (range 12) 26073 | -5/Garrison | Spotted Executioner 26133 | -5/Garrison | Assimilated Executioner with formatsys_high 26143 | -5/Garrison | Rewired Executioner 26223 | -5/Garrison | Assimilated Cyclops 6a with formatsys_high 26225 | -5/Garrison | Spotted B-90 Cyclops 26226 | -5/Garrison | Allies destroyed B-90 Cyclops 26497 | -5/Garrison | Entered Factory 26497 | -4/Factory | Accompanied by 11 allies 26497 | -4/Factory | Evolved 2 slots: Propulsion x1, Utility x1 26503 | -4/Factory | Identified exit to Garrison 26503 | -4/Factory | Watched by a mysterious "MATRIX" hacker 26509 | -4/Factory | Entered Garrison 26509 | -4/Garrison | Accompanied by 11 allies 26603 | -4/Garrison | Triggered checkpoint 26618 | -4/Garrison | Garrison Relay disabled 26673 | -4/Garrison | Triggered checkpoint 26679 | -4/Garrison | Spotted B-86 Titan 26687 | -4/Garrison | Triggered checkpoint 26687 | -4/Garrison | Triggered checkpoint 26692 | -4/Garrison | Triggered checkpoint 26703 | -4/Garrison | Allies destroyed B-86 Titan 26733 | -4/Garrison | Lost 5 allies 26881 | -4/Garrison | Rescued a captive Derelict 26883 | -4/Garrison | Rescued a captive Derelict 26888 | -4/Garrison | Discovered new exit (range 11) 26942 | -4/Garrison | Garrison Relay disabled 26966 | -4/Garrison | Triggered checkpoint 26973 | -4/Garrison | Triggered checkpoint 27002 | -4/Garrison | Triggered checkpoint 27028 | -4/Garrison | Found Unknown Device 27028 | -4/Garrison | Identified Adv. Force Booster 27250 | -4/Garrison | Discovered new exit (range 12) 27271 | -4/Garrison | Spotted B-86 Titan 27294 | -4/Garrison | Allies destroyed B-86 Titan 27366 | -4/Garrison | Garrison Relay disabled 27379 | -4/Garrison | Triggered checkpoint 27393 | -4/Garrison | Garrison Relay disabled 27475 | -4/Garrison | Expanded RIF knowledge: Coupler Efficiency 27533 | -4/Garrison | Spotted Striker 27534 | -4/Garrison | Spotted Striker 27541 | -4/Garrison | Assimilated Striker with formatsys_high 27549 | -4/Garrison | Assimilated Striker with formatsys_high 27657 | -4/Garrison | Triggered checkpoint 27666 | -4/Garrison | Garrison Relay disabled 27684 | -4/Garrison | Discovered new exit (range 15) 27778 | -4/Garrison | Found Relay Coupler [Proto] 27780 | -4/Garrison | Found Relay Coupler [Proto] 27783 | -4/Garrison | Found Relay Coupler [Proto] 27785 | -4/Garrison | Found Relay Coupler [Proto] 27844 | -4/Garrison | Build established: Commander-Mutant 28042 | -4/Garrison | Entered Factory 28042 | -4/Factory | Accompanied by 30 allies 28200 | -4/Factory | Unchained authorized (GL-D0S) 28259 | -4/Factory | Central database locked down 28292 | -4/Factory | Allies destroyed *Solitude 28292 | -4/Factory | Garrison activated, responded to threat 28542 | -4/Factory | First assault squad dispatched 28566 | -4/Factory | Build established: Botlord-Mutant 28579 | -4/Factory | Discovered new exit (range 32) 28579 | -4/Factory | Discovered new exit (range 29) 28622 | -4/Factory | P-70 Sage assimilated allied Warrior 7c 28626 | -4/Factory | P-70 Sage assimilated allied Beamer 7b 28627 | -4/Factory | P-70 Sage assimilated allied Sentinel 7b 28643 | -4/Factory | Lost 3 allies 28686 | -4/Factory | Lost 3 allies 28858 | -4/Factory | Lost 8 allies 28938 | -4/Factory | Spotted B-86 Titan 28939 | -4/Factory | Assimilated Titan 7a with formatsys_high 28961 | -4/Factory | Cargo convoy interrupted 29019 | -4/Factory | Entered Upper Caves 29058 | -4/Upper Caves | Learned 4 Research zone layouts 29228 | -4/Upper Caves | Learned Research emergency access door positions 29242 | -4/Upper Caves | Discovered new exit (range 10) 29279 | -4/Upper Caves | Entered another Upper Caves area 29281 | -4/Upper Caves | Encountered a Master Thief 29282 | -4/Upper Caves | PSU Rigger stolen by Master Thief 29307 | -4/Upper Caves | Encountered a Warlord checkpoint 29307 | -4/Upper Caves | Discovered new exit (range 13) 29308 | -4/Upper Caves | Learned location of Quarantine (-2) 29395 | -4/Upper Caves | Entered Zhirov 29395 | -4/Zhirov | Discovered new exit (range 3) 29405 | -4/Zhirov | Met Zhirov 29419 | -4/Zhirov | Learned location of Testing (-3) 29419 | -4/Zhirov | Learned location of Command (-1) 29423 | -4/Zhirov | Zhirov requested help retrieving the SGEMP Prototype 29432 | -4/Zhirov | Found Alien Artifact 29432 | -4/Zhirov | Identified Integrated Dissipator 29432 | -4/Zhirov | Installed Integrated Dissipator, increased core heat dissipation (+20) 29466 | -4/Zhirov | Found Alien Artifact 29492 | -4/Zhirov | Entered Proximity Caves 29561 | -3/Proximity Caves | Attracted the attention of an 0b10 checkpoint 29708 | -3/Proximity Caves | Discovered new exit (range 11) 29722 | -3/Proximity Caves | Entered Research 29722 | -3/Research | Evolved 2 slots: Utility x2 29838 | -3/Research | Fabricated Hcp. Storage Unit (x1) 30143 | -3/Research | Spotted B-86 Titan 30248 | -3/Research | Lost 7 parts (1p3n2u1w) 30438 | -3/Research | Central database locked down 30438 | -3/Research | Identified Transdimensional Reconstructor 30497 | -3/Research | Found Prototype Device 30497 | -3/Research | Identified Exp. Thermal Shield 30586 | -3/Research | Build established: Botlord-Scout 30701 | -3/Research | Discovered new exit (range 10) 30711 | -3/Research | Unchained authorized (GL-D0S) 30801 | -3/Research | Identified exit to Armory 30801 | -3/Research | Identified exit to Testing 30941 | -3/Research | Entered Testing 30955 | -3/Testing | Found Prototype Processor 30961 | -3/Testing | Identified Spectral Analyzer 31016 | -3/Testing | Found Prototype Device 31016 | -3/Testing | Identified AEGIS Remote Shield 31162 | -3/Testing | Fabricated Antigrav Array? 31444 | -3/Testing | Build established: Botlord-Skirmisher 31502 | -3/Testing | System corruption reached 10% 31699 | -3/Testing | Found Prototype Processor 31699 | -3/Testing | Identified Exp. Signal Interpreter 31915 | -3/Testing | Discovered new exit (range 20) 31963 | -3/Testing | Found Prototype Energy Gun 31963 | -3/Testing | Identified Hyp. EM Gauss Rifle 32047 | -3/Testing | System corruption reached 30% 32190 | -3/Testing | Core integrity fell below 50% 32267 | -3/Testing | Found Prototype Protection 32332 | -3/Testing | Found Prototype Launcher 32332 | -3/Testing | Identified Tesla Bomb Launcher 32370 | -3/Testing | Spotted Striker 32371 | -3/Testing | Spotted Striker 32382 | -3/Testing | Found Adv. Powered Armor 32438 | -3/Testing | Found Adv. Kinecellerator 32647 | -3/Testing | Identified exit to Research 32648 | -3/Testing | Entered Research 32648 | -2/Research | Evolved 2 slots: Propulsion x2 32697 | -2/Research | Spotted B-90 Cyclops 32781 | -2/Research | Destroyed 9 combat bots 32898 | -2/Research | First assault squad dispatched 32955 | -2/Research | Discovered new exit (range 19) 32988 | -2/Research | Destroyed 9 combat bots 33162 | -2/Research | Identified exit to Quarantine 33168 | -2/Research | Entered Quarantine 33234 | -2/Quarantine | Cryocooling Duct disabled 33234 | -2/Quarantine | Cryocooling Duct disabled 33234 | -2/Quarantine | Cryocooling Duct disabled 33249 | -2/Quarantine | Ambient heat levels rising (+60) 33249 | -2/Quarantine | Non-combat units ordered to evacuate 33249 | -2/Quarantine | Combat units ordered to evacuate 33287 | -2/Quarantine | Identified Centrium Heavy Armor Plating 33349 | -2/Quarantine | Quarantine Guard activated 33350 | -2/Quarantine | Found Alien Artifact 33418 | -2/Quarantine | Found Alien Artifact 33418 | -2/Quarantine | Identified Phase Armor 33426 | -2/Quarantine | Spotted Quarantine Guard 33495 | -2/Quarantine | Assimilated Quarantine Guard with formatsys_high 33510 | -2/Quarantine | Spotted Quarantine Guard 33524 | -2/Quarantine | Assimilated Quarantine Guard with formatsys_high 33538 | -2/Quarantine | Build established: Botlord-Assassin 33584 | -2/Quarantine | Found Alien Slashing Weapon 33584 | -2/Quarantine | Identified Sigix Broadsword 33648 | -2/Quarantine | Spotted Alpha 7 33664 | -2/Quarantine | Assimilated Alpha 7 with formatsys_high 33680 | -2/Quarantine | Found Alien Launcher 33861 | -2/Quarantine | Spotted Quarantine Guard 33868 | -2/Quarantine | Assimilated Quarantine Guard with formatsys_high 34205 | -2/Quarantine | Discovered new exit (range 7) 34205 | -2/Quarantine | Spotted Quarantine Guard 34210 | -2/Quarantine | Identified exit to Access 34211 | -2/Quarantine | Destroyed Quarantine Guard 34355 | -2/Quarantine | Spotted Quarantine Guard 34356 | -2/Quarantine | Assimilated Quarantine Guard with formatsys_high 34368 | -2/Quarantine | Spotted Quarantine Guard 34377 | -2/Quarantine | Spotted Quarantine Guard 34387 | -2/Quarantine | Assimilated Quarantine Guard with formatsys_high 34389 | -2/Quarantine | Allies destroyed Quarantine Guard 34488 | -2/Quarantine | Build established: Botlord-Mutant 34547 | -2/Quarantine | Spotted Quarantine Guard 34583 | -2/Quarantine | Destroyed Quarantine Guard 34593 | -2/Quarantine | Found Prototype Reactor 34593 | -2/Quarantine | Identified Vortex Chain Reactor 34995 | -2/Quarantine | Build established: Botlord-Assassin 35793 | -2/Quarantine | Met incapacitated Sigix Warrior 35793 | -2/Quarantine | Lockdown squad dispatched 35815 | -2/Quarantine | Found Sigix Containment Pod 35944 | -2/Quarantine | Spotted Lightning 36019 | -2/Quarantine | Build established: Botlord-Mutant 36026 | -2/Quarantine | Spotted Lightning 36125 | -2/Quarantine | Spotted Lightning 36153 | -2/Quarantine | Destroyed Lightning 36161 | -2/Quarantine | Found Prototype Device 36163 | -2/Quarantine | Identified Exp. EM Shield 36167 | -2/Quarantine | Found Prototype Device 36170 | -2/Quarantine | Identified Exp. Phase Shifter 36192 | -2/Quarantine | Destroyed Lightning 36436 | -2/Quarantine | Found Prototype Energy Cannon 36436 | -2/Quarantine | Identified EMDS 37118 | -2/Quarantine | Found Exp. Targeting Computer 37281 | -2/Quarantine | Found Alien Artifact 37281 | -2/Quarantine | Identified Dimensional Node Initializer 37281 | -2/Quarantine | Initialized slip node 37290 | -2/Quarantine | Found Alien Artifact 37290 | -2/Quarantine | Identified Hpw. Transdimensional Reconstructor 37290 | -2/Quarantine | Warped through subspace to slip node 37299 | -2/Quarantine | Found Hpw. Transdimensional Reconstructor 37309 | -2/Quarantine | Found Dimensional Node Initializer 37553 | -2/Quarantine | Found Alien Artifact 37619 | -2/Quarantine | Spotted Fortress 37621 | -2/Quarantine | Assimilated Fortress with formatsys_high 37727 | -2/Quarantine | Discovered new exit (range 8) 37727 | -2/Quarantine | Spotted Quarantine Guard 37731 | -2/Quarantine | Spotted Quarantine Guard 37734 | -2/Quarantine | Discovered new exit (range 5) 37740 | -2/Quarantine | Allies destroyed Quarantine Guard 37743 | -2/Quarantine | Destroyed Quarantine Guard 37747 | -2/Quarantine | Identified exit to Section 7 37788 | -2/Quarantine | Identified exit to Protoforge 37815 | -2/Quarantine | Entered Protoforge 37815 | -2/Protoforge | Accompanied by 6 allies 37858 | -2/Protoforge | Superfortress began startup sequence 37884 | -2/Protoforge | Spotted Hotshot 37886 | -2/Protoforge | Spotted Hotshot 37888 | -2/Protoforge | Spotted Hotshot 37888 | -2/Protoforge | Spotted Hotshot 37890 | -2/Protoforge | Spotted Hotshot 37904 | -2/Protoforge | Destroyed Hotshot 37910 | -2/Protoforge | Allies destroyed Hotshot 37914 | -2/Protoforge | Allies destroyed Hotshot 37919 | -2/Protoforge | Allies destroyed Hotshot 37920 | -2/Protoforge | Allies destroyed Hotshot 37960 | -2/Protoforge | Spotted Hotshot 37961 | -2/Protoforge | Spotted Hotshot 37962 | -2/Protoforge | Spotted Hotshot 37965 | -2/Protoforge | Spotted Hotshot 37979 | -2/Protoforge | Destroyed Hotshot 37985 | -2/Protoforge | Allies destroyed Hotshot 37994 | -2/Protoforge | Destroyed Hotshot 38024 | -2/Protoforge | Spotted Overlord 38024 | -2/Protoforge | Assimilated Overlord with formatsys_high 38068 | -2/Protoforge | Spotted Hotshot 38068 | -2/Protoforge | Spotted Hotshot 38068 | -2/Protoforge | Spotted Hotshot 38068 | -2/Protoforge | Spotted Hotshot 38071 | -2/Protoforge | Allies destroyed Hotshot 38080 | -2/Protoforge | Allies destroyed Hotshot 38085 | -2/Protoforge | Destroyed Hotshot 38089 | -2/Protoforge | Allies destroyed Hotshot 38226 | -2/Protoforge | Build established: Commander-Assassin 38254 | -2/Protoforge | Spotted B-90 Cyclops 38263 | -2/Protoforge | Destroyed B-90 Cyclops 38421 | -2/Protoforge | Discovered exit to Access (range 13) 38435 | -2/Protoforge | Initialized slip node 38553 | -2/Protoforge | Build established: Commander-Mutant 38565 | -2/Protoforge | First assault squad dispatched 38881 | -2/Protoforge | Destroyed Quarantine Guard 39016 | -2/Protoforge | Identified Terrabomb 39016 | -2/Protoforge | Used Terrabomb 39016 | -2/Protoforge | Additional patrols dispatched to research labs 39016 | -2/Protoforge | Spotted Immortal 39016 | -2/Protoforge | Spotted Decapitator 39016 | -2/Protoforge | Spotted Decapitator 39016 | -2/Protoforge | Spotted Decapitator 39071 | -2/Protoforge | Crushed by falling debris 39097 | -2/Protoforge | Spotted Immortal 39100 | -2/Protoforge | Spotted Immortal 39109 | -2/Protoforge | Found Prototype Device 39167 | -2/Protoforge | Build established: Mutant 39197 | -2/Protoforge | Destroyed Immortal 39209 | -2/Protoforge | Allies destroyed Immortal 39212 | -2/Protoforge | Allies destroyed Immortal 39214 | -2/Protoforge | Found Corrupted Exp. Jetlance 39222 | -2/Protoforge | Found Prototype Processor 39222 | -2/Protoforge | Identified Exp. Melee Analysis Suite 39232 | -2/Protoforge | Spotted Immortal 39232 | -2/Protoforge | Spotted Immortal 39240 | -2/Protoforge | Spotted Decapitator 39284 | -2/Protoforge | Allies destroyed Decapitator 39286 | -2/Protoforge | Destroyed Decapitator 39291 | -2/Protoforge | Allies destroyed Decapitator 39329 | -2/Protoforge | Found Multirail 39493 | -2/Protoforge | Allies destroyed Immortal 39509 | -2/Protoforge | Allies destroyed Immortal 39555 | -2/Protoforge | Spotted Decapitator 39555 | -2/Protoforge | Spotted Decapitator 39555 | -2/Protoforge | Spotted Decapitator 39574 | -2/Protoforge | Destroyed Decapitator 39575 | -2/Protoforge | Destroyed Decapitator 39576 | -2/Protoforge | Destroyed Decapitator 39666 | -2/Protoforge | Identified Crosscalibrator 39666 | -2/Protoforge | Identified Subatomic Replicator 39682 | -2/Protoforge | Forge Plexus network access discovered 39715 | -2/Protoforge | Found Exp. Weapon Cycler 39718 | -2/Protoforge | Found Cep. Chromion Battery 39725 | -2/Protoforge | Found Exp. Armor Integrity Analyzer 39799 | -2/Protoforge | Found Cep. Chromion Battery 39802 | -2/Protoforge | Found Cep. Antigrav Storage Unit 39816 | -2/Protoforge | Found Cep. NT7 Matterbank 39847 | -2/Protoforge | Scanned by Researcher 39982 | -2/Protoforge | Found Exp. Kinecellerator 40078 | -2/Protoforge | Build established: Assassin 40208 | -2/Protoforge | Found Cep. Zero-point Core 40228 | -2/Protoforge | Spotted Decapitator 40228 | -2/Protoforge | Spotted Decapitator 40228 | -2/Protoforge | Spotted Decapitator 40327 | -2/Protoforge | Found Cep. Plasma Driver 40332 | -2/Protoforge | Found Faulty Cep. Plasma Driver 40342 | -2/Protoforge | Found Exp. Jetlance 40351 | -2/Protoforge | Found Faulty Cep. Plasma Driver 40354 | -2/Protoforge | Found Cep. Lightning Penetrator 40408 | -2/Protoforge | Spotted AP7-3 40408 | -2/Protoforge | Spotted AP7-3 40484 | -2/Protoforge | System corruption reached 10% 40545 | -2/Protoforge | Destroyed AP7-3 40558 | -2/Protoforge | Destroyed AP7-3 40584 | -2/Protoforge | Found Cep. Impact Drone Bay 40586 | -2/Protoforge | Found Faulty Cep. Impact Drone Bay 40589 | -2/Protoforge | Found Faulty Cep. Blasthammer 40591 | -2/Protoforge | Found Faulty Cep. Blasthammer 40596 | -2/Protoforge | Found Cep. Cloak Mesh 40600 | -2/Protoforge | Found Faulty Cep. Cloak Mesh 40834 | -2/Protoforge | Found Cep. Nanofilaments [Conductive] 40834 | -2/Protoforge | Installed Cep. Nanofilaments [Conductive], 2 resistances modified: TH -15%, EM +25% 40846 | -2/Protoforge | Destroyed 7 combat bots 40961 | -2/Protoforge | Spotted Immortal 41013 | -2/Protoforge | Spotted Immortal 41021 | -2/Protoforge | Destroyed Immortal 41022 | -2/Protoforge | Destroyed Immortal 41036 | -2/Protoforge | Spotted V331-z 41036 | -2/Protoforge | Destroyed V331-z 41067 | -2/Protoforge | Found Cep. Combat Aerolev Unit 41103 | -2/Protoforge | Found Faulty Cep. Combat Aerolev Unit 41346 | -2/Protoforge | Crushed by falling debris 41348 | -2/Protoforge | Crushed by falling debris 41381 | -2/Protoforge | Spotted V850-y 41382 | -2/Protoforge | Spotted V846-q 41470 | -2/Protoforge | Found Cep. Antigrav Storage Unit 41472 | -2/Protoforge | Found Cep. Chromion Battery 41492 | -2/Protoforge | Build established: Ninja 41495 | -2/Protoforge | Found Cep. Rapid Grenade Launcher 41504 | -2/Protoforge | Found Cep. Smart ZDS 41599 | -2/Protoforge | Spotted V352-a 41599 | -2/Protoforge | Spotted V511-m 41600 | -2/Protoforge | Spotted V204-v 41606 | -2/Protoforge | Destroyed 17 combat bots 41618 | -2/Protoforge | Found Femtoactuators 41621 | -2/Protoforge | Found Cep. Weapon Articulator 41623 | -2/Protoforge | Found Femtoactuators 41629 | -2/Protoforge | Found Faulty Cep. Melee Reflex Suite 41635 | -2/Protoforge | Found Faulty Cep. Melee Reflex Suite 41773 | -2/Protoforge | Found Cep. NT7 Matterbank 41776 | -2/Protoforge | Warped through subspace to slip node 41778 | -2/Protoforge | Found Cep. Matter Streamer 41787 | -2/Protoforge | Entered Access 41787 | -1/Access | Evolved 2 slots: Utility x2 42037 | -1/Access | First assault squad dispatched 42067 | -1/Access | Found Exp. Armor Integrity Analyzer 42086 | -1/Access | Discovered new exit (range 7) 42208 | -1/Access | Unchained authorized (GL-D0S) 42257 | -1/Access | Targeted by mysterious "MATRIX" hacker 42471 | -1/Access | Discovered new exit (range 6) 42503 | -1/Access | Spotted B-99 Colossus 42668 | -1/Access | Spotted B-99 Colossus 42804 | -1/Access | High security lockdown imminent 42884 | -1/Access | High security lockdown engaged 42912 | -1/Access | Destroyed 10 combat bots 42987 | -1/Access | Destroyed 13 combat bots 43005 | -1/Access | Spotted B-99 Colossus 43220 | -1/Access | Destroyed 8 combat bots 43275 | -1/Access | Energy Cycler disabled 43524 | -1/Access | Destroyed 8 combat bots 43774 | -1/Access | Spotted B-99 Colossus 43778 | -1/Access | Destroyed B-99 Colossus 43811 | -1/Access | Spotted B-99 Colossus 43835 | -1/Access | Destroyed B-99 Colossus 43886 | -1/Access | Identified exit to Command 43886 | -1/Access | Entered Command 43936 | -1/Command | Spotted M Guard 43936 | -1/Command | Spotted M Guard 43937 | -1/Command | Build established: Gladiator 43965 | -1/Command | Found Unknown Protection 43965 | -1/Command | Identified Hvy. Reactive Plating 44002 | -1/Command | Spotted Combat Programmer 44003 | -1/Command | Spotted Combat Programmer 44012 | -1/Command | Destroyed Combat Programmer 44018 | -1/Command | Destroyed Combat Programmer 44056 | -1/Command | Assimilated M Guard with formatsys_high 44057 | -1/Command | Assimilated M Guard with formatsys_high 44067 | -1/Command | Used Subatomic Replicator to replicate Cep. Impact Drone Bay 44087 | -1/Command | Met MAIN.C 44092 | -1/Command | 0b10 Conduit disabled 44106 | -1/Command | Destroyed MAIN.C Shell 44107 | -1/Command | MAIN.C activated Command garrisons 44109 | -1/Command | Found Centrium Heavy Armor Plating 44126 | -1/Command | Allies destroyed MAIN.C 44129 | -1/Command | Discovered new exit (range 42) 44129 | -1/Command | Discovered new exit (range 90) 44129 | -1/Command | Extracted map data and part IDs from MAIN.C's data core 44169 | -1/Command | Spotted B-99 Colossus 44180 | -1/Command | Found Zero-point Reactor 44184 | -1/Command | Found AEGIS Remote Shield 44270 | -1/Command | Found Hvy. Regenerative Plating 44280 | -1/Command | Found Vortex Chain Reactor 44282 | -1/Command | Found Zero-point Reactor 44288 | -1/Command | Found Spectral Analyzer 44290 | -1/Command | Found Exp. Phase Shifter 45206 | -1/Command | Found Exp. Core Analyzer 45228 | -1/Command | Warped through subspace to slip node 45228 | -1/Command | Discovered new exit (range 5) 45231 | -1/Command | Found Exp. Core Analyzer 45236 | -1/Command | Entered Access_0 45238 | -1/Access_0 | Met Architect 45250 | -1/Access_0 | Architect warped through subspace 45255 | -1/Access_0 | Allies destroyed A8 45273 | -1/Access_0 | Found Hpw. Transdimensional Reconstructor 45296 | -1/Access_0 | Architect warped through subspace 45308 | -1/Access_0 | Subspace Access Node disabled 45316 | -1/Access_0 | A6 warped into view 45318 | -1/Access_0 | Allies destroyed A6 45324 | -1/Access_0 | Subspace Access Node disabled 45331 | -1/Access_0 | Lost 3 allies 45355 | -1/Access_0 | Found Exp. Core Analyzer 45356 | -1/Access_0 | Architect warped through subspace 45379 | -1/Access_0 | Subspace Access Node disabled 45417 | -1/Access_0 | Architect warped through subspace 45435 | -1/Access_0 | A5 warped into view 45447 | -1/Access_0 | Allies destroyed A5 45452 | -1/Access_0 | Architect warped through subspace 45481 | -1/Access_0 | Architect warped through subspace 45495 | -1/Access_0 | Architect warped through subspace 45522 | -1/Access_0 | Found Integrity Redistributor 45539 | -1/Access_0 | Found Integrated Reactor 45539 | -1/Access_0 | Installed Integrated Reactor, increased core energy generation (+10) 45561 | -1/Access_0 | Architect warped through subspace 45579 | -1/Access_0 | Subspace Access Node disabled 45626 | -1/Access_0 | A4 warped into view 45647 | -1/Access_0 | Build established: Scavenger-Sprinter 45655 | -1/Access_0 | Destroyed A4 45659 | -1/Access_0 | Found System Mapper 45667 | -1/Access_0 | Found Exp. Shield Generator 45686 | -1/Access_0 | Found Sigix Broadsword 45711 | -1/Access_0 | Destroyed A2 45712 | -1/Access_0 | Extracted Singularity Gate Test 138-C access codes from A2's data core 45714 | -1/Access_0 | Found Deep Network Scanner 45906 | -1/Access_0 | Started Test 138-B, establishing a local singularity 45906 | -1/Access_0 | Singularity Gate disabled 45908 | -1/Access_0 | Used Integrity Redistributor, redistributed integrity from core (-133) 45917 | -1/Access_0 | Singularity Gate disabled 45934 | -1/Access_0 | Destroyed Architect 45936 | -1/Access_0 | Extracted unknown sensor trigger ID from Architect's data core 46105 | -1/Access_0 | A3 warped into view 46137 | -1/Access_0 | Destroyed A3 46286 | -1/Access_0 | Found Prototype Device 46286 | -1/Access_0 | Identified Exp. Shock Absorption System 46293 | -1/Access_0 | Warped through subspace to slip node 46293 | -1/Access_0 | Discovered new exit (range 8) 46301 | *** | Establishing 0b11! Last Messages --------------- 46177_ Enhanced Grunt system corrupted by crushing effect. 46178_ Enhanced Grunt system terminally corrupted. 46178_ Adv. Heat Sink fried. 46192_ QJ CQ=VD>OE9VFYTTCI|ZGF|MS|0UDA 3 DS:6D3 46219_ System corrupted: Heat flow error (+265). 46234_ System corrupted: Substantial component data lost. 46237_ Reinforced Shell breached. 46274_ System corrupted: Energy discharge (-259). 46286_ Dropped Exp. Shield Generator. 46286_ Acquired Prototype Device. 46286_ Identified Exp. Shock Absorption System. 46288_ Dropped Exp. Shock Absorption System. 46289_ Acquired Exp. Shield Generator. 46291_ Impact Drone retrieved by Cep. Impact Drone Bay (no repairs). 46293_ Warped through subspace, drawn to slip node. 46293_ EXIT=FOUND 46296_ Impact Drone released from Cep. Impact Drone Bay. 46299_ Plasma Slug penetrates Dimensional Slip Node. 46299_ Dimensional Slip Node implodes. 46299_ Impact Drone destroyed. Map ----- +----------------------------------------------------+ | | | | | | | | | | | | | | | | | | | | | | | | | | | | | | | | | ?????????????????????????????????????????????????? | | ?????????????????????????????????????????????????? | | ?????????????????????????????????????????????????? | | ?????????????????????????????????????????????????? | | ?????????????????????????????????????????????????? | | ?????????????????????????????????????????????????? | | ????????????????????????###??????????????????????? | | ???????????????????????## ##?????????????????????? | | ???????????????????????# #?????????????????????? | | ???????????????????????# @ #?????????????????????? | | ??????????????????????##n #?????????????????????? | | ?????????????????????# #?????????????????????? | | ???????????????????# #???????????????????? | | ???????????????????# #???????????????????? | | ??????????????????# #??????????????????? | | ??????????????????# #??????????????????? | | ??????????????????# #??????????????????? | | ??????????????????# #??????????????????? | | ??????????????????# #??????????????????? | | ??????????????????## ##??????????????????? | | ???????????????????# #???????????????????? | | ???????????????????### ###???????????????????? | | ?????????????????????#######?????????????????????? | | ?????????????????????????????????????????????????? | | ?????????????????????????????????????????????????? | | ?????????????????????????????????????????????????? | | ?????????????????????????????????????????????????? | | ?????????????????????????????????????????????????? | | ?????????????????????????????????????????????????? | | ?????????????????????????????????????????????????? | | ?????????????????????????????????????????????????? | | ?????????????????????????????????????????????????? | | ?????????????????????????????????????????????????? | | ?????????????????????????????????????????????????? | +----------------------------------------------------+ Best States ------------- Heat Dissipation 108 Coolant Potential 120 Energy Generation 65 Energy Capacity 1000 Matter Stores 490 Matter Capacity 550 Sight Range 24 Robot Scan Range 19 Terrain Scan Range 20 Terrain Scan Density 210 Jamming Range 16 Cloak Strength 9 Additional Mass Support 12 Armor Coverage 1000 Resistance: KI 40 Resistance: TH 10 Resistance: EM 100 Utility Shielding 90 Point Defense Rating 240 Weapon Cycling 30 Melee Speed Boost 50 Phase Shifting 20 Evasion (%) 92 Targeting Accuracy 30 Target Analysis 8 Core Analysis 12 Armor Integrity Analysis 50 Recoil Reduction 6 Particle Charging 25 Kinecelleration 50 Force Boost 40 Offensive Hacking 25 Defensive Hacking 14 Relay Coupler Types 6 Relay Coupler Value 287 Authchip Count 3 Trap Extractor Capacity 6 Item Schematics ----------------- Hcp. Storage Unit | -10/Materials | Hacked Cmb. Antigrav System | -8/Materials | Scanalyzed Assault Drone Bay | -4/Zhirov | Free Exp. Heat Sink | -4/Zhirov | Free Exp. Optical Array | -4/Zhirov | Free Imp. Arc Thrower | -4/Zhirov | Free Antigrav Array | -3/Research | Scanalyzed Point Singularity Launcher | -2/Quarantine | Archive Exp. Power Amplifier | -2/Quarantine | Archive Exp. Myomer Leg | -2/Quarantine | Archive Imp. Q-thruster | -2/Quarantine | Archive Exp. Biometal Leg | -2/Quarantine | Archive Centrium Medium Armor Plating | -2/Quarantine | Archive Thermal Defense Suite | -2/Quarantine | Archive Spectral Analyzer | -2/Quarantine | Archive Adv. Gravity Neutralizer | -2/Quarantine | Archive Ragnarok Missile Launcher | -2/Protoforge | Archive Neutron Missile Launcher | -2/Protoforge | Archive Graviton Cannon | -2/Protoforge | Archive Exp. Actuator Array | -2/Protoforge | Archive Lrn. Phase Cannon | -2/Protoforge | Archive Robot Schematics ------------------ M-13 Machinist | -9/Materials | Hacked O-32 Director | -2/Quarantine | Archive C-55 Analyst | -2/Protoforge | Archive A-27 Freighter | -2/Protoforge | Archive Fabricated ------------ Cmb. Antigrav System | x2 | -5/Factory | Authchip Cmb. Antigrav System | x2 | -5/Factory | Authchip Cmb. Antigrav System | x2 | -5/Factory | Authchip Hcp. Storage Unit | x1 | -5/Factory Hcp. Storage Unit | x1 | -3/Research | Authchip Antigrav Array | x1 | -3/Testing Repaired ---------- Arm. Treads | 48% | -9/Materials Lgt. Armor Plating | 3% | -9/Materials Arm. Treads | 53% | -9/Materials Arm. Treads | 25% | -8/Materials Arm. Treads | 71% | -8/Materials Arm. Huge Wheel | 9% | -7/Factory Studied --------- Hvy. Assault Rifle | -9/Materials | Hacked Gatling Laser | -7/Factory | Hacked Arm. Huge Wheel | -6/Factory | Hacked Remote Datajack | -6/Factory | Hacked Imp. Remote Datajack | -4/Factory | Hacked Antigrav Array | -3/Research | Hacked Cmb. Antigrav System | -3/Research | Hacked Mic. Antimatter Reactor | -3/Research | Hacked Com. HERF Cannon | -3/Testing | Hacked Adv. Remote Datajack | -2/Quarantine | Hacked Alien Tech Used ----------------- Integrated Dissipator Phase Armor Sigix Broadsword Dimensional Node Initializer High-powered Transdimensional Reconstructor Terrabomb Concept Nanofilaments [Conductive] Transdimensional Reconstructor Subatomic Replicator Integrated Reactor Integrity Redistributor Achievements -------------- None Challenges ------------ None Game ------ Seed OpticalFireBlasthammer Manual? 0 Play Time 14:20:25 Cumulative 1695.0 hours Start 2026.07.11 @ 16:49:55 End 2026.07.12 @ 23:47:28 Sessions 6 Manual Loads 0 Difficulty Rogue Special Mode None Game No. 517 Rogue 509 Adventurer 4 Explorer 4 Win Type 1 Total 67 Types 31/9/4/4/2/4/6/2/3/2 Lore% 97 Gallery% 96 Achievement% 91 Wizard Run 0 Options --------- Layout 0 ASCII 0 Keyboard 0 Movement Numpad Keybinds 0 Fullscreen 2 Font 18/SmallcapsGlow Map View 76x50 Zoom Use 0% Tactical HUD 1 Map Filters NONE Filters NONE Steam 1 RUN: c5c9075a-145f-403c-86ab-b4bca0093e78